 Dungeon Crawl Stone Soup version 0.31-a0-210-gccc998df9b (webtiles) character file.

Game seed: 14122039992250399598

380133 qw the Impregnable (level 22, 0/152 HPs)
             Began as a Gargoyle Fighter on June 29, 2023.
             Was a High Priest of Okawaru.
             Killed from afar by a frost giant (48 damage)
             ... with a bolt of cold
             ... on level 3 of the Depths.
             The game lasted 00:28:01 (37113 turns).

qw the Impregnable (Gargoyle Fighter)              Turns: 37113, Time: 00:28:02

Health: 0/152      AC: 66    Str: 35      XL:     22   Next: 86%
Magic:  26/29      EV: 12    Int: 11      God:    Okawaru [*****.]
Gold:   733        SH: 35    Dex: 19 (20) Spells: 21/21 levels left

rFire   + . .        w - +6 broad axe (vamp)
rCold   . . .        a - +18 shield of the Gong {Loud rN+ Will+ rCorr EV-5}
rNeg    + + +        z - +5 crystal plate armour of the Furrier {rN+}
rPois   inf          o - +3 helmet "Forisio" {-Cast Dex+3 Slay+2 SInv}
rElec   +            y - scarf of Polish {repulsion, rElec rCorr Str+8 Slay-5}
rCorr   +            f - +2 pair of gloves
SInv    +            n - +2 pair of boots
Will    +++..        x - amulet of faith Stlth
                     g - ring of Xaix {Will+ Str-2 Dex+6 Slay+5 SInv}
HPRegen 0.45/turn    H - ring "Eddu" {rF+ rN+ Dex+2 Slay+4}
MPRegen 0.21/turn

%: no spellcasting, repel missiles, faith
@: heroic, finesse-ful, flying
A: sickness immunity, AC +16, big wings, negative energy resistance 1,
electricity resistance, torment resistance 1, petrification resistance,
deterioration 1, mutation resistance 1
}: 2/15 runes: decaying, serpentine
a: Renounce Religion, Heroism, Finesse, Duel


You were on level 3 of the Depths.
You worshipped Okawaru.
Okawaru was extremely pleased with you.
You visited 8 branches of the dungeon, and saw 38 of its levels.
You also visited: Sewer and Desolation.

You collected 4390 gold pieces.
You spent 3657 gold pieces at shops.


Innate Abilities, Weirdness & Mutations

You are immune to sickness and miasma.
Your stone body is resilient. (AC +16)
You are immune to poison.
Your large and strong wings let you fly.
You resist negative energy. (rN+)
You are resistant to electric shocks. (rElec)
You are resistant to unholy torment.
You are immune to petrification.
Your body sometimes deteriorates upon taking damage.
You are somewhat resistant to further mutation.


   Skills:
 - Level 20.0(25.0) Fighting
 - Level 18.0(23.0) Axes
 - Level 11.0(16.0) Throwing
 - Level 22.0(27) Armour
 - Level 10.0(15.0) Dodging
 + Level 17.3(22.3) Shields
 - Level 10.0 Invocations


You had 21 spell levels left.
You didn't know any spells.
Your spell library was empty.

Inventory:

Hand Weapons
 v - a +2 vampiric broad axe
 w - a +6 vampiric broad axe (weapon)
 G - a +1 spectral broad axe
Missiles
 j - 49 boomerangs (quivered)
Armour
 a - the +18 shield of the Gong (worn) {Loud rN+ Will+ rCorr EV-5}
   (You acquired it on level 1 of the Dungeon)

   Loud:      It is deafeningly noisy when blocking attacks.
   EV:        It affects your evasion (-5).
   rN:        It protects you from negative energy.
   rCorr:     It protects you from acid and corrosion.
   Will:      It increases your willpower.
 f - a +2 pair of gloves (worn)
 l - a +2 cloak
 n - a +2 pair of boots (worn)
 o - the +3 helmet "Forisio" (worn) {-Cast Dex+3 Slay+2 SInv}
   (You found it on level 5 of the Lair of Beasts)

   Dex:       It affects your dexterity (+3).
   Slay:      It affects your accuracy & damage with ranged weapons and melee
   (+2).
   SInv:      It lets you see invisible.
   -Cast:     It prevents spellcasting.
 y - the scarf of Polish (worn) {repulsion, rElec rCorr Str+8 Slay-5}
   (You acquired it on level 2 of the Lair of Beasts)

   Str:       It affects your strength (+8).
   Slay:      It affects your accuracy & damage with ranged weapons and melee
   (-5).
   rElec:     It insulates you from electricity.
   rCorr:     It protects you from acid and corrosion.
 z - the +5 crystal plate armour of the Furrier (worn) {rN+}
   (Okawaru gifted it to you on level 5 of the Lair of Beasts)

   rN:        It protects you from negative energy.
 K - the +0 scale mail of Card Tricks {rC+ rCorr Int+5}
   (You found it on level 4 of the Snake Pit)

   Int:       It affects your intelligence (+5).
   rC:        It protects you from cold.
   rCorr:     It protects you from acid and corrosion.
 N - +0 gold dragon scales
Jewellery
 g - the ring of Xaix (left hand) {Will+ Str-2 Dex+6 Slay+5 SInv}
   (You found it on level 4 of the Dungeon)

   [ring of dexterity]

   Str:       It affects your strength (-2).
   Dex:       It affects your dexterity (+6).
   Slay:      It affects your accuracy & damage with ranged weapons and melee
   (+5).
   SInv:      It lets you see invisible.
   Will:      It increases your willpower.
 q - the amulet of Ytoadazu {Faith rPois rCorr Int+7 Dex-3}
   (You took it off a tengu reaver on level 2 of the Depths)

   [amulet of faith]

   It allows you to gain divine favour quickly.
   Int:       It affects your intelligence (+7).
   Dex:       It affects your dexterity (-3).
   rPois:     It protects you from poison.
   rCorr:     It protects you from acid and corrosion.
 s - a ring of protection from cold
 x - an amulet of faith (around neck)
 A - the amulet of Zunouf {Reflect Rampage SH+5}
   (You acquired it on level 2 of the Lair of Beasts)

   [amulet of reflection]

   It reflects blocked missile attacks.
   SH:        It affects your SH (+5).
   Rampage:   It bestows one free step when moving towards enemies.
 E - the ring "Patz" {Str+6 Int+6 SInv}
   (You bought it in a shop on level 2 of the Orcish Mines)

   [ring of strength]

   Str:       It affects your strength (+6).
   Int:       It affects your intelligence (+6).
   SInv:      It lets you see invisible.
 F - a ring of resist corrosion
 H - the ring "Eddu" (right hand) {rF+ rN+ Dex+2 Slay+4}
   (You acquired it on level 1 of the Snake Pit)

   [ring of positive energy]

   Dex:       It affects your dexterity (+2).
   Slay:      It affects your accuracy & damage with ranged weapons and melee
   (+4).
   rF:        It protects you from fire.
   rN:        It protects you from negative energy.
 I - the ring "Xeciv" {rPois rC++ rCorr MP-9}
   (You took it off an imperial myrmidon in the Desolation of Salt)

   [ring of poison resistance]

   rC:        It greatly protects you from cold.
   rPois:     It protects you from poison.
   MP:        It affects your magic capacity (-9).
   rCorr:     It protects you from acid and corrosion.
 J - a +5 ring of evasion
 L - the ring "Biceifagg" {rF+ EV+5 Str-4 SInv}
   (You found it in the Desolation of Salt)

   [ring of evasion]

   EV:        It affects your evasion (+5).
   Str:       It affects your strength (-4).
   rF:        It protects you from fire.
   SInv:      It lets you see invisible.
Wands
 O - a wand of digging (7)
Scrolls
 e - 24 scrolls of identify
 i - 2 scrolls of teleportation
 B - 2 scrolls of brand weapon
 C - a scroll of enchant armour
Potions
 b - 10 potions of lignification
 c - 5 potions of attraction
 d - 6 potions of might
 h - 6 potions of magic
 k - 17 potions of curing
 m - 7 potions of enlightenment
 p - 7 potions of haste
 r - 4 potions of cancellation
 t - 6 potions of mutation
 u - 7 potions of heal wounds

Dungeon Overview and Level Annotations

Branches:
Dungeon (15/15)            Temple (1/1) D:6            Lair (5/5) D:10
  Swamp (4/4) Lair:3        Snake (4/4) Lair:2        Slime (0/5) Lair:4
    Orc (2/2) D:9             Elf (0/3) Orc:2        Vaults (4/5) D:13
  Crypt (0/3) Vaults:2     Depths (3/4) D:15          Sewer (visited)
Desolation (visited)

Altars:
Ashenzari
Cheibriados
Dithmenos
Elyvilon
Fedhas
Gozag
Hepliaklqana
Kikubaaqudgha
Makhleb
Nemelex Xobeh
Okawaru
Qazlal
Ru
Sif Muna
Trog
Uskayaw
Vehumet
Wu Jian
Xom
Yredelemnul
Zin
The Shining One
Jiyva

Shops:
D:1 [*   Orc:2 ([**?=!   Snake:3 (?*(   Vaults:2 (   Vaults:3 [   Vaults:4 =

Portals:
Hell: Depths:1 Depths:2
Abyss: Depths:3
Pandemonium: Depths:1
Ziggurat: Depths:1
Trove: Depths:2 (give +3 shadow dragon scales)

Annotations:
D:2 1 runed translucent door, Crazy Yiuf
D:15 1 runed translucent door
Lair:5 2 runed translucent doors
Orc:1 1 runed translucent door


Message History

The golden dragon simulacrum is almost destroyed.
You slice the hell knight simulacrum!!
The hell knight simulacrum vaporises!
You block the golden dragon simulacrum's attack.
GONNNNG!
You block the golden dragon simulacrum's attack.
GONNNNG!
You block the golden dragon simulacrum's attack.
BOUMMMMG!
You slice the golden dragon simulacrum like a ripe choko!!!
The golden dragon simulacrum vaporises!
Okawaru accepts your kill.
You start resting.
A frost giant comes into view.
It is wielding a +2 battleaxe of freezing.
Things that are here:
a +3 great sword; a +0 chain mail; a human corpse
Enter note:
Enter note:
Enter note:
Enter note:
Enter note:
Enter note:
Enter note:
Enter note:
Enter note:
Enter note:
Enter note:
Enter note: The frost giant casts a spell at you.
The bolt of cold hits you!!
Your body deteriorates!
You feel clumsy.
Enter note:
Enter note:
Enter note:
Enter note:
Enter note:
Enter note: The frost giant gestures at you while chanting.
The bolt of cold hits you!!!
You die...

..#.......##........
#.#......#.#.........#
#.#.......##.........#
..#(.................###
..#.(...()).............
#.#.......).............
#.######...<..........#
#.# ###....).........##
..# .......).)..@C......
..# .......|))..........
###............#########
###............#
..#............. ..#
............. #.#
###..######## ..# #..#
..# Z.#


You could see a frost giant.

Vanquished Creatures
  Mara (Snake:3)
  A juggernaut (Depths:2)
  Josephina (Depths:3)
  Sojobo (Depths:1)
  Margery (Vaults:2)
  Frederick (Depths:3)
  Bai Suzhen (Vaults:3)
  Saint Roka (Orc:2)
  Vashnia (Snake:3)
  3 golden dragons
  A bone dragon (Swamp:4)
  Rupert (Lair:4)
  A tentacled monstrosity (Depths:3)
  5 liches
  Asterion (Snake:1)
  A quicksilver dragon (Depths:3)
  A walking frostbound tome (Depths:3)
  A titan (Depths:2)
  3 sphinxes
  A thorn hunter (Swamp:4)
  6 tengu reavers
  2 storm dragons
  3 nagarajas
  6 fire giants
  12 vault wardens
  4 frost giants
  An iron dragon (Depths:3)
  2 imperial myrmidons (Desolation)
  An angel (Depths:1)
  11 ironbound preservers
  2 balrugs
  An orc warlord (Orc:1)
  Aizul (Vaults:2)
  A spriggan defender (Depths:3)
  2 reapers (Depths:2)
  8 very ugly things
  7 stone giants
  A formless jellyfish (Vaults:4)
  3 eleionomae
  5 vampire knights
  5 ironbound thunderhulks
  An eleionoma (shapeshifter) (Depths:3)
  Azrael (D:12)
  A halazid warlock (Desolation)
  3 dire elephants (Vaults:1)
  3 bunyips
  5 spark wasps
  A shambling mangrove (Swamp:2)
  5 ettins
  4 fire dragons
  2 great orbs of eyes
  12 yaktaur captains
  8 ragged hierophants (Desolation)
  A deep elf high priest (Vaults:3)
  A spriggan zombie (D:15)
  15 vault guards
  8 servants of whispers (Desolation)
  3 rakshasas
  A salamander tyrant (Snake:4)
  2 spriggan air magi
  An ogre mage (D:13)
  An ice dragon (Lair:5)
  A caustic shrike simulacrum (Depths:3)
  7 hydras
  Harold (D:9)
  6 anacondas
  3 ghost crabs
  11 peacekeepers
  7 ironbound frosthearts
  3 two-headed ogres
  2 boulder beetles
  17 centaur warriors
  9 alligators
  A catoblepas (Lair:2)
  7 tengu warriors
  12 death yaks
  17 naga warriors
  A vampire mage (Depths:1)
  4 deep troll earth magi
  16 naga sharpshooters
  8 shock serpents
  2 hell hogs (Depths:2)
  6 spriggan berserkers
  21 hell knights
  9 skeletal warriors
  4 skysharks (Lair:2)
  2 soul eaters (Depths:2)
  3 sun demons
  2 iron trolls (Depths:3)
  6 goliath frogs
  A death drake (Swamp:4)
  2 salamander mystics (Snake:4)
  2 glowing orange brains
  A spectral hydra (Swamp:4)
  3 spriggan druids
  3 flayed ghosts
  6 swamp dragons
  A shadow dragon zombie (D:15)
  4 naga ritualists
  18 ironbound convokers
  8 wizards
  37 deep trolls
  8 bog bodies
  A tengu zombie (D:15)
  4 phantasmal warriors
  4 necromancers
  10 orc knights
  17 lindwurms
  20 ugly things
  A human zombie (Vaults:2)
  2 deep elf pyromancers
  A frost giant zombie (D:15)
  5 mana vipers
  A manticore (shapeshifter) (Depths:3)
  A will-o-the-wisp (Swamp:1)
  10 salamanders
  6 cyclopes
  A shining eye (shapeshifter) (Depths:3)
  33 black mambas
  22 vault sentinels
  2 manticores (D:15)
  30 elephants
  11 guardian serpents
  5 molten gargoyles
  A rust devil (Depths:1)
  18 naga magi
  4 torpor snails
  6 smoke demons
  3 gargoyles
  18 cane toads
  A yaktaur zombie (Vaults:2)
  An elf skeleton (Vaults:2)
  2 freezing wraiths
  26 yaktaurs
  An unseen horror (D:12)
  3 rime drakes
  14 komodo dragons
  A human skeleton (Vaults:2)
  2 tengu conjurers
  2 efreet (D:15)
  A swamp worm zombie (Swamp:4)
  A golden dragon simulacrum (Depths:3)
  A hellwing (Depths:1)
  2 ice devils (D:13)
  2 hydra zombies (Swamp:4)
  A bloated husk (Swamp:1)
  11 tyrant leeches
  7 trolls
  14 dream sheep
  7 hornets
  8 polar bears
  59 saltlings
  Grinder (D:3)
  4 spectral swamp dragons (Swamp:4)
  13 blink frogs
  A fire giant simulacrum (Depths:3)
  A human simulacrum (Vaults:2)
  2 alligator zombies (Swamp:4)
  Sigmund (D:2)
  32 slime creatures
  4 spriggans
  A culicivora (shapeshifter) (D:14)
  A centaur simulacrum (D:15)
  A shadow (D:10)
  A vampire (D:10)
  5 wraiths
  52 yaks
  A human (D:13)
  8 wyverns
  6 basilisks
  21 vampire mosquitoes
  A steam dragon (Lair:5)
  A redback (shapeshifter) (Depths:3)
  44 nagas
  13 swamp worms
  12 wargs
  A harpy simulacrum (D:13)
  3 acid dragons
  22 water moccasins
  7 hell hounds
  48 orc warriors
  A floating eye (Depths:3)
  4 ice beasts
  A swamp drake (Swamp:2)
  4 black bears
  4 ogres
  5 swamp dragon zombies (Swamp:4)
  11 wolves
  6 phantoms
  6 centaurs
  5 kobold brigands
  19 bullfrogs
  A gnoll sergeant (D:5)
  A two-headed ogre simulacrum (D:13)
  5 scorpions
  A cane toad simulacrum (D:13)
  6 killer bees (D:9)
  An electric eel (Lair:1)
  A howler monkey (D:5)
  6 jellies
  5 lava snakes (Lair:5)
  4 hounds
  A gnoll bouda (Orc:1)
  12 orc priests
  5 iguanas
  A sleepcap (D:5)
  A spectral swamp drake (Swamp:4)
  28 orc wizards
  A troll simulacrum (D:13)
  2 wolf simulacra (D:13)
  5 gnolls (Orc:1)
  5 river rats (Sewer)
  2 swamp drake zombies (Swamp:4)
  11 adders
  A naga simulacrum (D:13)
  A shadow imp (D:7)
  2 white imps
  3 ufetubi
  A worm (D:2)
  2 dart slugs
  110 orcs
  13 ball pythons
  5 endoplasms
  4 giant cockroaches
  9 goblins
  10 hobgoblins
  9 jackals
  4 quokkas
  2 bats (D:1)
  11 frilled lizards
  13 kobolds
  11 rats
  3 spectral weapons
1570 creatures vanquished.

Vanquished Creatures (others)
  A fire giant (Vaults:1)
  An eleionoma (Swamp:3)
  An alligator (Swamp:3)
  A wizard (Depths:1)
  7 bloated husks
  A saltling (Desolation)
  A vampire mosquito (Swamp:1)
  2 swamp worms
  2 nagas (Snake:4)
  A phantom (Swamp:4)
  An orc (Orc:2)
  4 foxfires (Swamp:1)
23 creatures vanquished.

Grand Total: 1593 creatures vanquished

Notes
Turn   | Place    | Note
-------+----------+-------------------------------------------
     0 | D:1      | qw the Gargoyle Fighter began the quest for the Orb.
     0 | D:1      | Reached XP level 1. HP: 14/14 MP: 1/1
     0 | D:1      | 0 ||| qw: Version: 0.3-a-24-ga2abf7b
     0 | D:1      | 0 ||| qw: Game counter: 6766
     0 | D:1      | 0 ||| qw: Melee chars always use a shield: true
     0 | D:1      | 0 ||| qw: God list: Okawaru
     0 | D:1      | 0 ||| qw: Allow faded altars: false
     0 | D:1      | 0 ||| qw: Do Orc after clearing Dungeon:15 true
     0 | D:1      | 0 ||| qw: Do second Lair branch before Depths: true
     0 | D:1      | 0 ||| qw: Lair rune preference: random
     0 | D:1      | 0 ||| qw: Goals: Normal, Zot:1-4, Slime:5, God:TSO, Crypt,
                  | Tomb, Abyss, Pan, Hells, Win
     0 | D:1      | 0 ||| PLANNING D:1-11
    27 | D:1      | 27 ||| Stepping ~*~*~tactically~*~*~ (hiding).
    64 | D:1      | Found Xexkean's Antique Armour Boutique.
    73 | D:1      | 73 ||| SHOPLISTING chain mail (99 gold, have 0).
    73 | D:1      | 73 ||| SHOPLISTING cloak (99 gold, have 0).
   122 | D:1      | 122 ||| Stepping ~*~*~tactically~*~*~ (stealth).
   124 | D:1      | 124 ||| Stepping ~*~*~tactically~*~*~ (stealth).
   134 | D:1      | Reached XP level 2. HP: 19/19 MP: 2/2
   194 | D:1      | 194 ||| DROPPING +0 club.
   265 | D:1      | Reached skill level 3 in Axes
   271 | D:1      | Reached XP level 3. HP: 20/23 MP: 3/3
   477 | D:1      | Found Xisepe Waoti's Assorted Antiques.
   480 | D:1      | 480 ||| BUYING golden potion (24 gold).
   480 | D:1      | Bought a golden potion for 24 gold pieces
   480 | D:1      | 480 ||| SHOPLISTING scroll labelled NEBADU CUCSOBUN (27
                  | gold, have 7).
   480 | D:1      | 480 ||| SHOPLISTING scroll labelled TORCHA QUSAC (27 gold,
                  | have 7).
   551 | D:1      | 551 ||| DROPPING orb of energy.
   552 | D:1      | 552 ||| UPGRADING to +0 cloak.
   557 | D:1      | 557 ||| UPGRADING to +0 helmet.
   562 | D:1      | 562 ||| READING scroll labelled XECWYU YJAI.
   563 | D:1      | 563 ||| READING scroll labelled TAH JAMOTUFUCH.
   563 | D:1      | Identified a scroll of acquirement
   563 | D:1      | 563 ||| ACQUIRING +18 shield of the Gong {Loud rN+ Will+
                  | rCorr EV-5}
   563 | D:1      | Acquired the +18 shield of the Gong {Loud rN+ Will+ rCorr
                  | EV-5}
   563 | D:1      | Found the +18 shield of the Gong {Loud rN+ Will+ rCorr
                  | EV-5}
   565 | D:1      | 565 ||| UPGRADING to +18 shield of the Gong {Loud rN+ Will+
                  | rCorr EV-5}.
   575 | D:1      | 575 ||| DROPPING +0 buckler.
   576 | D:1      | 576 ||| READING scroll labelled TORCHA QUSAC.
   577 | D:1      | 577 ||| DRINKING 2 golden potions.
   635 | D:2      | 635 ||| Stepping ~*~*~tactically~*~*~ (stealth).
   636 | D:2      | 636 ||| Stepping ~*~*~tactically~*~*~ (stealth).
   671 | D:2      | 671 ||| Stepping ~*~*~tactically~*~*~ (stealth).
   673 | D:2      | 673 ||| Stepping ~*~*~tactically~*~*~ (hiding).
   674 | D:2      | 674 ||| Stepping ~*~*~tactically~*~*~ (hiding).
   675 | D:2      | 675 ||| Stepping ~*~*~tactically~*~*~ (hiding).
   676 | D:2      | 676 ||| Stepping ~*~*~tactically~*~*~ (hiding).
   678 | D:2      | Noticed Sigmund
   712 | D:2      | HP: 3/23 [Sigmund/+1 heavy scythe (9)]
   713 | D:2      | 713 ||| DRINKING potion of heal wounds.
   720 | D:2      | Killed Sigmund
   721 | D:2      | Reached XP level 4. HP: 24/28 MP: 4/4
   721 | D:2      | Reached XP level 5. HP: 27/32 MP: 5/5
   886 | D:2      | Reached XP level 6. HP: 37/37 MP: 6/6
  1138 | D:2      | Found a faded altar of an unknown god.
  1332 | D:2      | Found a runed translucent door.
  1332 | D:2      | Noticed Crazy Yiuf
  1407 | D:2      | 1407 ||| UPGRADING to +2 pair of gloves.
  1412 | D:2      | 1412 ||| READING scroll labelled AMNAWO BISCHORR.
  1413 | D:2      | 1413 ||| READING 2 scrolls of identify.
  1413 | D:2      | 1413 ||| IDENTIFYING green potion
  1414 | D:2      | 1414 ||| DROPPING potion of degeneration.
  1434 | D:3      | 1434 ||| PLANNING SEWER
  1449 | D:3      | 1449 ||| Stepping ~*~*~tactically~*~*~ (hiding).
  1451 | D:3      | 1451 ||| Stepping ~*~*~tactically~*~*~ (hiding).
  1456 | D:3      | 1456 ||| Stepping ~*~*~tactically~*~*~ (stealth).
  1457 | D:3      | 1457 ||| Stepping ~*~*~tactically~*~*~ (stealth).
  1489 | D:3      | 1489 ||| DROPPING +0 whip.
  1591 | D:3      | Found a glowing drain.
  1592 | D:3      | 1592 ||| READING 2 scrolls of identify.
  1592 | D:3      | 1592 ||| IDENTIFYING viscous puce potion
  1593 | D:3      | 1593 ||| DROPPING potion of invisibility.
  1607 | D:3      | Noticed Grinder
  1616 | D:3      | Paralysed by Grinder for 3 turns
  1632 | D:3      | Killed Grinder
  1633 | D:3      | Reached XP level 7. HP: 34/41 MP: 7/7
  1664 | Sewer    | Entered a sewer
  1717 | Sewer    | 1717 ||| Stepping ~*~*~tactically~*~*~ (stealth).
  1718 | Sewer    | 1718 ||| Stepping ~*~*~tactically~*~*~ (stealth).
  1744 | Sewer    | 1744 ||| Stepping ~*~*~tactically~*~*~ (hiding).
  1745 | Sewer    | 1745 ||| Stepping ~*~*~tactically~*~*~ (hiding).
  1751 | Sewer    | 1751 ||| Stepping ~*~*~tactically~*~*~ (water).
  1767 | Sewer    | 1767 ||| Stepping ~*~*~tactically~*~*~ (water).
  1777 | Sewer    | 1777 ||| Stepping ~*~*~tactically~*~*~ (water).
  2209 | Sewer    | 2209 ||| READING scroll labelled KUAXKEICZI.
  2241 | D:3      | 2241 ||| PLANNING D:1-11
  2471 | D:3      | 2471 ||| READING 2 scrolls of identify.
  2471 | D:3      | 2471 ||| IDENTIFYING grey potion
  2472 | D:3      | 2472 ||| DROPPING potion of brilliance.
  2477 | D:4      | Found a shadowy altar of Dithmenos.
  2576 | D:4      | Reached skill level 1 in Dodging
  2608 | D:4      | 2608 ||| DROPPING +1 mace of venom.
  2630 | D:4      | Identified the ring of Xaix {Will+ Str-2 Dex+6 Slay+5 SInv}
  3397 | D:4      | 3397 ||| UPGRADING to ring of Xaix {Will+ Str-2 Dex+6
                  | Slay+5 SInv}.
  3398 | D:4      | 3398 ||| DRINKING 2 fizzy golden potions.
  3399 | D:4      | 3399 ||| READING 2 scrolls of identify.
  3399 | D:4      | 3399 ||| IDENTIFYING bubbling grey potion
  3444 | D:5      | Entered Level 5 of the Dungeon
  3477 | D:5      | Reached XP level 8. HP: 41/48 MP: 8/8
  3712 | D:5      | Reached skill level 6 in Axes
  3713 | D:5      | Reached skill level 6 in Shields
  3918 | D:5      | 3918 ||| Stepping ~*~*~tactically~*~*~ (stealth).
  4182 | D:5      | Reached XP level 9. HP: 52/54 MP: 9/9
  4186 | D:5      | 4186 ||| READING scroll labelled VOITUV OXO BUTZ.
  4186 | D:5      | Noticed a two-headed ogre
  4187 | D:5      | 4187 ||| READING scroll labelled YCOLUSSOAQ.
  4391 | D:5      | Killed a two-headed ogre
  4446 | D:5      | 4446 ||| Stepping ~*~*~tactically~*~*~ (stealth).
  4448 | D:5      | 4448 ||| UPGRADING to ring of protection from cold.
  4460 | D:5      | 4460 ||| Stepping ~*~*~tactically~*~*~ (hiding).
  4461 | D:5      | 4461 ||| Stepping ~*~*~tactically~*~*~ (hiding).
  4462 | D:5      | 4462 ||| Stepping ~*~*~tactically~*~*~ (hiding).
  4464 | D:5      | 4464 ||| Stepping ~*~*~tactically~*~*~ (hiding).
  4488 | D:5      | Reached skill level 6 in Fighting
  4499 | D:5      | 4499 ||| UPGRADING to +0 chain mail.
  4510 | D:5      | 4510 ||| DROPPING +0 scale mail.
  4511 | D:5      | 4511 ||| DROPPING +2 leather armour of cold resistance.
  4573 | D:5      | Reached skill level 4 in Armour
  4776 | D:5      | 4776 ||| READING 5 scrolls of identify.
  4776 | D:5      | 4776 ||| IDENTIFYING lumpy purple potion
  4777 | D:5      | 4777 ||| DROPPING potion of berserk rage.
  4844 | D:6      | 4844 ||| Stepping ~*~*~tactically~*~*~ (hiding).
  4885 | D:6      | Found a staircase to the Ecumenical Temple.
  4886 | D:6      | 4886 ||| PLANNING TEMPLE
  4886 | D:6      | 4886 ||| READING 5 scrolls of identify.
  4886 | D:6      | 4886 ||| IDENTIFYING silvery potion
  4894 | Temple   | Entered the Ecumenical Temple
  4894 | Temple   | Found a transporter.
  4894 | Temple   | Found a transporter.
  4896 | Temple   | Found a transporter.
  4896 | Temple   | Found a transporter.
  4906 | Temple   | 4906 ||| PLANNING D:1-11
  4967 | D:6      | 4967 ||| Stepping ~*~*~tactically~*~*~ (stealth).
  5003 | D:6      | 5003 ||| Stepping ~*~*~tactically~*~*~ (stealth).
  5082 | D:6      | Noticed a troll
  5090 | D:6      | Killed a troll
  5091 | D:6      | Reached skill level 9 in Axes
  5091 | D:6      | Reached XP level 10. HP: 60/60 MP: 10/10
  5260 | D:6      | 5260 ||| READING scroll of enchant weapon.
  5260 | D:6      | 5260 ||| ENCHANTING +1 war axe.
  5384 | D:6      | 5384 ||| READING scroll labelled HAONLY FOR AKKOQ.
  5385 | D:6      | 5385 ||| READING 4 scrolls of identify.
  5385 | D:6      | 5385 ||| IDENTIFYING black potion
  5386 | D:6      | 5386 ||| READING 3 scrolls of identify.
  5386 | D:6      | 5386 ||| IDENTIFYING amethyst potion
  5428 | D:7      | 5428 ||| Stepping ~*~*~tactically~*~*~ (hiding).
  5453 | D:7      | 5453 ||| Stepping ~*~*~tactically~*~*~ (stealth).
  5454 | D:7      | 5454 ||| Stepping ~*~*~tactically~*~*~ (stealth).
  5473 | D:7      | 5473 ||| Stepping ~*~*~tactically~*~*~ (hiding).
  5474 | D:7      | 5474 ||| Stepping ~*~*~tactically~*~*~ (hiding).
  5479 | D:7      | 5479 ||| Stepping ~*~*~tactically~*~*~ (hiding).
  5480 | D:7      | 5480 ||| Stepping ~*~*~tactically~*~*~ (hiding).
  5502 | D:7      | 5502 ||| Stepping ~*~*~tactically~*~*~ (stealth).
  5555 | D:7      | 5555 ||| Stepping ~*~*~tactically~*~*~ (stealth).
  5562 | D:7      | 5562 ||| Stepping ~*~*~tactically~*~*~ (stealth).
  5563 | D:7      | 5563 ||| Stepping ~*~*~tactically~*~*~ (hiding).
  5564 | D:7      | 5564 ||| Stepping ~*~*~tactically~*~*~ (hiding).
  5569 | D:7      | Reached skill level 5 in Armour
  5640 | D:7      | 5640 ||| Stepping ~*~*~tactically~*~*~ (stealth).
  5642 | D:7      | 5642 ||| Stepping ~*~*~tactically~*~*~ (hiding).
  5775 | D:7      | Found a stormy altar of Qazlal.
  5775 | D:7      | Found a white marble altar of Elyvilon.
  5780 | D:7      | Identified the +0 robe "Mecsax" {Will++ Int+3}
  5872 | D:7      | Found a flagged portal.
  5942 | D:7      | 5942 ||| Stepping ~*~*~tactically~*~*~ (stealth).
  6126 | D:7      | 6126 ||| UPGRADING to +2 scale mail of fire resistance.
  6136 | D:7      | 6136 ||| READING scroll labelled BEISTR QEURUT.
  6137 | D:7      | 6137 ||| READING scroll labelled MIEFYP CUUTO.
  6138 | D:7      | 6138 ||| DROPPING +0 flail.
  6268 | D:8      | 6268 ||| Stepping ~*~*~tactically~*~*~ (stealth).
  6269 | D:8      | 6269 ||| Stepping ~*~*~tactically~*~*~ (stealth).
  6278 | D:8      | 6278 ||| Stepping ~*~*~tactically~*~*~ (stealth).
  6280 | D:8      | 6280 ||| Stepping ~*~*~tactically~*~*~ (stealth).
  6282 | D:8      | 6282 ||| Stepping ~*~*~tactically~*~*~ (hiding).
  6304 | D:8      | 6304 ||| Stepping ~*~*~tactically~*~*~ (stealth).
  6308 | D:8      | 6308 ||| FLEEEEING.
  6309 | D:8      | 6309 ||| STAIRDANCE
  6334 | D:7      | 6334 ||| READING 2 scrolls of identify.
  6334 | D:7      | 6334 ||| IDENTIFYING fizzy silvery potion
  6942 | D:9      | 6942 ||| Stepping ~*~*~tactically~*~*~ (hiding).
  6950 | D:9      | Noticed Harold
  6951 | D:9      | Reached skill level 9 in Shields
  6951 | D:9      | 6951 ||| Stepping ~*~*~tactically~*~*~ (hiding).
  6952 | D:9      | 6952 ||| Stepping ~*~*~tactically~*~*~ (hiding).
  6963 | D:9      | Killed Harold
  6985 | D:9      | 6985 ||| FLEEEEING.
  6987 | D:9      | 6987 ||| FLEEEEING.
  6992 | D:9      | 6992 ||| FLEEEEING.
  6993 | D:9      | 6993 ||| STAIRDANCE
  7111 | D:9      | 7111 ||| FLEEEEING.
  7112 | D:9      | 7112 ||| STAIRDANCE
  7199 | D:9      | 7199 ||| Stepping ~*~*~tactically~*~*~ (hiding).
  7421 | D:9      | Found a staircase to the Orcish Mines.
  7509 | D:9      | Found an ancient bone altar of Kikubaaqudgha.
  7516 | D:9      | Found a glowing silver altar of Zin.
  7516 | D:9      | Found a shimmering blue altar of Sif Muna.
  7519 | D:9      | Found a snail-covered altar of Cheibriados.
  7520 | D:9      | Found a basalt altar of Yredelemnul.
  7682 | D:9      | 7682 ||| Stepping ~*~*~tactically~*~*~ (stealth).
  7897 | D:9      | Reached skill level 3 in Dodging
  7901 | D:9      | Reached XP level 11. HP: 68/68 MP: 11/11
  7911 | D:9      | 7911 ||| DROPPING +0 chain mail.
  7912 | D:9      | 7912 ||| UPGRADING to +0 plate armour.
  7955 | D:10     | Entered Level 10 of the Dungeon
  7965 | D:10     | 7965 ||| Stepping ~*~*~tactically~*~*~ (stealth).
  7994 | D:10     | Reached skill level 6 in Armour
  8005 | D:10     | 8005 ||| FLEEEEING.
  8006 | D:10     | 8006 ||| FLEEEEING.
  8007 | D:10     | 8007 ||| FLEEEEING.
  8008 | D:10     | 8008 ||| FLEEEEING.
  8009 | D:10     | 8009 ||| FLEEEEING.
  8010 | D:10     | 8010 ||| FLEEEEING.
  8011 | D:10     | 8011 ||| STAIRDANCE
  8041 | D:9      | 8041 ||| UPGRADING to +2 cloak.
  8051 | D:9      | 8051 ||| DROPPING +0 cloak.
  8070 | D:10     | 8070 ||| Stepping ~*~*~tactically~*~*~ (stealth).
  8103 | D:10     | Found a staircase to the Lair.
  8103 | D:10     | Noticed a death yak
  8103 | D:10     | Noticed a death yak
  8103 | D:10     | Noticed a death yak
  8104 | D:10     | 8104 ||| Stepping ~*~*~tactically~*~*~ (stealth).
  8106 | D:10     | Noticed a death yak
  8108 | D:10     | Noticed a death yak
  8109 | D:10     | Reached skill level 7 in Armour
  8121 | D:10     | Killed a death yak
  8122 | D:10     | Killed a death yak
  8124 | D:10     | Killed a death yak
  8125 | D:10     | Killed a death yak
  8132 | D:10     | HP: 13/68 [death yak (17)]
  8133 | D:10     | 8133 ||| READING 3 scrolls of teleportation.
  8135 | D:10     | Killed a death yak
  8136 | D:10     | Reached skill level 8 in Armour
  8136 | D:10     | Found an iron altar of Okawaru.
  8137 | D:10     | 8137 ||| PLANNING OKAWARU WORSHIP
  8137 | D:10     | 8137 ||| READING 2 scrolls of teleportation.
  8140 | D:10     | 8140 ||| Stepping ~*~*~tactically~*~*~ (stealth).
  8308 | D:10     | 8308 ||| Stepping randomly (stuck).
  8309 | D:10     | 8309 ||| PLANNING D:1-11
  8344 | D:10     | 8344 ||| PLANNING OKAWARU WORSHIP
  8344 | D:10     | 8344 ||| Stepping ~*~*~tactically~*~*~ (stealth).
  8346 | D:10     | 8346 ||| Stepping ~*~*~tactically~*~*~ (hiding).
  8458 | D:10     | Became a worshipper of Warmaster Okawaru
  8459 | D:10     | 8459 ||| PLANNING D:1-11
  8853 | D:10     | 8853 ||| PLANNING LAIR
  8853 | D:10     | 8853 ||| READING 2 scrolls of identify.
  8853 | D:10     | 8853 ||| IDENTIFYING blue potion
  8871 | Lair:1   | Entered Level 1 of the Lair of Beasts
  8914 | Lair:1   | 8914 ||| Stepping ~*~*~tactically~*~*~ (water).
  8943 | Lair:1   | Reached * piety under Okawaru
  8979 | Lair:1   | 8979 ||| READING scroll of enchant weapon.
  8979 | Lair:1   | 8979 ||| ENCHANTING +2 war axe of flaming.
  9229 | Lair:1   | 9229 ||| INVOKING Heroism.
  9665 | Lair:1   | 9665 ||| UPGRADING to amulet of regeneration.
  9826 | Lair:2   | 9826 ||| INVOKING Heroism.
  9829 | Lair:2   | Reached skill level 9 in Fighting
  9829 | Lair:2   | Reached XP level 12. HP: 76/76 MP: 9/12
  9837 | Lair:2   | 9837 ||| FLEEEEING.
  9843 | Lair:2   | Reached skill level 1 in Invocations
  9872 | Lair:2   | 9872 ||| INVOKING Heroism.
  9908 | Lair:2   | Noticed a skyshark
  9908 | Lair:2   | 9908 ||| Stepping ~*~*~tactically~*~*~ (stealth).
  9911 | Lair:2   | 9911 ||| Stepping ~*~*~tactically~*~*~ (stealth).
  9927 | Lair:2   | Killed a skyshark
  9928 | Lair:2   | Reached skill level 3 in Invocations
  9951 | Lair:2   | Reached ** piety under Okawaru
  9979 | Lair:2   | 9979 ||| READING scroll of acquirement.
  9979 | Lair:2   | 9979 ||| ACQUIRING scarf of Polish {repulsion, rElec rCorr
                  | Str+8 Slay-5}
  9979 | Lair:2   | Acquired the scarf of Polish {repulsion, rElec rCorr Str+8
                  | Slay-5}
  9981 | Lair:2   | 9981 ||| UPGRADING to scarf of Polish {repulsion, rElec
                  | rCorr Str+8 Slay-5}.
 10110 | Lair:2   | Noticed a skyshark
 10111 | Lair:2   | 10111 ||| Stepping ~*~*~tactically~*~*~ (water).
 10120 | Lair:2   | Killed a skyshark
 10121 | Lair:2   | Reached skill level 12 in Axes
 10148 | Lair:2   | 10148 ||| INVOKING Heroism.
 10184 | Lair:2   | Noticed a skyshark
 10190 | Lair:2   | Killed a skyshark
 10190 | Lair:2   | Reached *** piety under Okawaru
 10199 | Lair:2   | 10199 ||| Stepping ~*~*~tactically~*~*~ (stealth).
 10207 | Lair:2   | 10207 ||| INVOKING Heroism.
 10229 | Lair:2   | Noticed a four-headed hydra
 10230 | Lair:2   | 10230 ||| Stepping ~*~*~tactically~*~*~ (stealth).
 10232 | Lair:2   | 10232 ||| Stepping ~*~*~tactically~*~*~ (stealth).
 10234 | Lair:2   | 10234 ||| INVOKING Heroism.
 10239 | Lair:2   | Killed a one-headed hydra
 10239 | Lair:2   | Received a gift from Okawaru
 10297 | Lair:2   | 10297 ||| INVOKING Heroism.
 10342 | Lair:2   | Noticed a six-headed hydra
 10343 | Lair:2   | 10343 ||| INVOKING Heroism.
 10354 | Lair:2   | Killed a two-headed hydra
 10359 | Lair:2   | Reached XP level 13. HP: 76/82 MP: 16/16
 10384 | Lair:2   | 10384 ||| INVOKING Heroism.
 10408 | Lair:2   | 10408 ||| Stepping ~*~*~tactically~*~*~ (stealth).
 10411 | Lair:2   | 10411 ||| INVOKING Heroism.
 10422 | Lair:2   | Reached skill level 9 in Armour
 10454 | Lair:2   | 10454 ||| INVOKING Heroism.
 10476 | Lair:2   | Reached **** piety under Okawaru
 10486 | Lair:2   | 10486 ||| INVOKING Heroism.
 10730 | Lair:2   | Found a staircase to the Snake Pit.
 10813 | Lair:2   | 10813 ||| Stepping ~*~*~tactically~*~*~ (stealth).
 10838 | Lair:2   | 10838 ||| READING scroll of acquirement.
 10838 | Lair:2   | 10838 ||| ACQUIRING amulet of Zunouf {Reflect Rampage SH+5}
 10838 | Lair:2   | Acquired the amulet of Zunouf {Reflect Rampage SH+5}
 10840 | Lair:2   | 10840 ||| UPGRADING to amulet of faith.
 11093 | Lair:2   | 11093 ||| Stepping ~*~*~tactically~*~*~ (stealth).
 11285 | Lair:2   | 11285 ||| DROPPING amulet of regeneration.
 11286 | Lair:2   | 11286 ||| READING scroll labelled EDOUSI GIALO.
 11345 | Lair:3   | 11345 ||| Stepping ~*~*~tactically~*~*~ (stealth).
 11350 | Lair:3   | 11350 ||| Stepping ~*~*~tactically~*~*~ (hiding).
 11502 | Lair:3   | 11502 ||| Stepping ~*~*~tactically~*~*~ (stealth).
 11544 | Lair:3   | 11544 ||| Stepping ~*~*~tactically~*~*~ (stealth).
 11556 | Lair:3   | Reached ***** piety under Okawaru
 11557 | Lair:3   | Reached skill level 6 in Invocations
 11795 | Lair:3   | 11795 ||| INVOKING Heroism.
 11860 | Lair:3   | 11860 ||| Stepping ~*~*~tactically~*~*~ (stealth).
 11887 | Lair:3   | Received a gift from Okawaru
 11905 | Lair:3   | Found a staircase to the Swamp.
 12124 | Lair:3   | 12124 ||| READING scroll labelled SOUBEA KOANLUXT.
 12125 | Lair:3   | 12125 ||| READING scroll labelled YDWAVV VITUSSI.
 12184 | Lair:4   | 12184 ||| Stepping ~*~*~tactically~*~*~ (stealth).
 12186 | Lair:4   | 12186 ||| Stepping ~*~*~tactically~*~*~ (hiding).
 12198 | Lair:4   | 12198 ||| INVOKING Heroism.
 12218 | Lair:4   | Received a gift from Okawaru
 12236 | Lair:4   | 12236 ||| INVOKING Heroism.
 12255 | Lair:4   | Received a gift from Okawaru
 12261 | Lair:4   | 12261 ||| Stepping ~*~*~tactically~*~*~ (stealth).
 12285 | Lair:4   | Received a gift from Okawaru
 12303 | Lair:4   | 12303 ||| SWAPPING to +2 broad axe of flaming.
 12304 | Lair:4   | 12304 ||| DROPPING +3 war axe of flaming.
 12351 | Lair:4   | 12351 ||| Stepping ~*~*~tactically~*~*~ (stealth).
 12374 | Lair:4   | Noticed Rupert
 12375 | Lair:4   | 12375 ||| INVOKING Heroism.
 12376 | Lair:4   | 12376 ||| INVOKING Finesse.
 12378 | Lair:4   | Gained mutation: Your large and strong wings let you fly.
                  | [Gargoyle growth]
 12378 | Lair:4   | Reached XP level 14. HP: 90/90 MP: 12/20
 12399 | Lair:4   | Killed Rupert
 12495 | Lair:4   | Found a staircase to the Slime Pits.
 12495 | Lair:4   | Found a viscous altar of Jiyva.
 12762 | Lair:4   | Found a white marble altar of Elyvilon.
 13075 | Lair:4   | 13075 ||| DROPPING +6 ring of dexterity.
 13076 | Lair:4   | 13076 ||| UPGRADING to +4 ring of slaying {mikee}.
 13104 | Lair:5   | Entered Level 5 of the Lair of Beasts
 13105 | Lair:5   | 13105 ||| INVOKING Heroism.
 13106 | Lair:5   | 13106 ||| INVOKING Finesse.
 13114 | Lair:5   | Reached skill level 9 in Invocations
 13128 | Lair:5   | 13128 ||| Stepping ~*~*~tactically~*~*~ (hiding).
 13129 | Lair:5   | 13129 ||| Stepping ~*~*~tactically~*~*~ (stealth).
 13142 | Lair:5   | Reached skill level 12 in Shields
 13263 | Lair:5   | 13263 ||| INVOKING Heroism.
 13269 | Lair:5   | Received a gift from Okawaru
 13303 | Lair:5   | 13303 ||| Stepping ~*~*~tactically~*~*~ (stealth).
 13304 | Lair:5   | 13304 ||| Stepping ~*~*~tactically~*~*~ (stealth).
 13305 | Lair:5   | 13305 ||| Stepping ~*~*~tactically~*~*~ (stealth).
 13306 | Lair:5   | 13306 ||| Stepping ~*~*~tactically~*~*~ (stealth).
 13307 | Lair:5   | 13307 ||| Stepping ~*~*~tactically~*~*~ (stealth).
 13316 | Lair:5   | Reached skill level 10 in Armour
 13359 | Lair:5   | 13359 ||| Stepping ~*~*~tactically~*~*~ (stealth).
 13399 | Lair:5   | 13399 ||| INVOKING Heroism.
 13404 | Lair:5   | Received a gift from Okawaru
 13410 | Lair:5   | 13410 ||| DROPPING +2 broad axe of electrocution.
 13559 | Lair:5   | 13559 ||| Stepping ~*~*~tactically~*~*~ (stealth).
 13563 | Lair:5   | 13563 ||| Stepping ~*~*~tactically~*~*~ (stealth).
 13676 | Lair:5   | 13676 ||| INVOKING Heroism.
 13690 | Lair:5   | Reached skill level 15 in Axes
 13823 | Lair:5   | Identified the +3 helmet "Forisio" {-Cast Dex+3 Slay+2
                  | SInv}
 13825 | Lair:5   | Identified the +1 ring mail of Noon {Regen+}
 14002 | Lair:5   | 14002 ||| Stepping ~*~*~tactically~*~*~ (stealth).
 14013 | Lair:5   | 14013 ||| Stepping ~*~*~tactically~*~*~ (stealth).
 14027 | Lair:5   | 14027 ||| INVOKING Heroism.
 14066 | Lair:5   | 14066 ||| INVOKING Heroism.
 14070 | Lair:5   | Reached XP level 15. HP: 46/96 MP: 19/22
 14074 | Lair:5   | Reached ****** piety under Okawaru
 14075 | Lair:5   | Reached skill level 12 in Fighting
 14184 | Lair:5   | 14184 ||| Stepping ~*~*~tactically~*~*~ (stealth).
 14185 | Lair:5   | 14185 ||| Stepping ~*~*~tactically~*~*~ (stealth).
 14222 | Lair:5   | 14222 ||| INVOKING Heroism.
 14372 | Lair:5   | 14372 ||| INVOKING Heroism.
 14380 | Lair:5   | Identified the +5 crystal plate armour of the Furrier {rN+}
                  | (Okawaru gifted it to you on level 5 of the Lair of Beasts)
 14380 | Lair:5   | Received a gift from Okawaru
 14625 | Lair:5   | 14625 ||| Stepping ~*~*~tactically~*~*~ (stealth).
 14641 | Lair:5   | 14641 ||| Stepping ~*~*~tactically~*~*~ (stealth).
 14696 | Lair:5   | Found a large runed translucent door.
 14696 | Lair:5   | Found a large runed translucent door.
 14902 | Lair:5   | 14902 ||| Stepping ~*~*~tactically~*~*~ (stealth).
 14904 | Lair:5   | 14904 ||| Stepping ~*~*~tactically~*~*~ (stealth).
 15110 | Lair:5   | 15110 ||| UPGRADING to +3 helmet "Forisio" {-Cast Dex+3
                  | Slay+2 SInv}.
 15120 | Lair:5   | 15120 ||| PLANNING D:1-11
 15120 | Lair:5   | 15120 ||| DROPPING +0 helmet.
 15121 | Lair:5   | 15121 ||| DROPPING +2 scale mail of fire resistance.
 15122 | Lair:5   | 15122 ||| UPGRADING to +5 crystal plate armour of the
                  | Furrier {rN+}.
 15132 | Lair:5   | 15132 ||| DROPPING +0 plate armour.
 15782 | D:11     | 15782 ||| PLANNING D
 15782 | D:11     | 15782 ||| UPGRADING to +0 pair of boots.
 15787 | D:11     | 15787 ||| READING scroll labelled SIAKAA FOEPYTT.
 15802 | D:12     | You are sucked into a shaft and drop 2 floors!
 15830 | D:14     | 15830 ||| Stepping ~*~*~tactically~*~*~ (hiding).
 15837 | D:14     | 15837 ||| INVOKING Heroism.
 15847 | D:14     | Reached skill level 11 in Armour
 15935 | D:14     | 15935 ||| READING scroll of enchant weapon.
 15935 | D:14     | 15935 ||| ENCHANTING +2 broad axe of flaming.
 15964 | D:14     | 15964 ||| Stepping ~*~*~tactically~*~*~ (stealth).
 15966 | D:14     | 15966 ||| Stepping ~*~*~tactically~*~*~ (hiding).
 16090 | D:13     | 16090 ||| DROPPING amulet of magic regeneration.
 16114 | D:12     | 16114 ||| Stepping ~*~*~tactically~*~*~ (hiding).
 16120 | D:12     | 16120 ||| INVOKING Heroism.
 16140 | D:12     | Reached skill level 12 in Armour
 16168 | D:12     | 16168 ||| Stepping ~*~*~tactically~*~*~ (stealth).
 16175 | D:12     | 16175 ||| INVOKING Heroism.
 16191 | D:12     | Received a gift from Okawaru
 16281 | D:12     | 16281 ||| Stepping ~*~*~tactically~*~*~ (stealth).
 16282 | D:12     | 16282 ||| Stepping ~*~*~tactically~*~*~ (stealth).
 16287 | D:12     | 16287 ||| Stepping ~*~*~tactically~*~*~ (hiding).
 16297 | D:12     | 16297 ||| Stepping ~*~*~tactically~*~*~ (stealth).
 16299 | D:12     | Noticed Azrael
 16300 | D:12     | 16300 ||| INVOKING Heroism.
 16302 | D:12     | 16302 ||| INVOKING Finesse.
 16311 | D:12     | Killed Azrael
 16487 | D:12     | 16487 ||| Stepping ~*~*~tactically~*~*~ (stealth).
 16491 | D:12     | 16491 ||| READING 3 scrolls of teleportation.
 16492 | D:12     | 16492 ||| FLEEEEING.
 16493 | D:12     | 16493 ||| FLEEEEING.
 16494 | D:12     | 16494 ||| FLEEEEING.
 16496 | D:12     | 16496 ||| Stepping ~*~*~tactically~*~*~ (stealth).
 16630 | D:12     | 16630 ||| DRINKING 2 fizzy puce potions.
 16630 | D:12     | Gained mutation: Your body sometimes deteriorates upon
                  | taking damage. [potion of mutation]
 16630 | D:12     | Gained mutation: You are somewhat resistant to further
                  | mutation. [potion of mutation]
 16692 | D:13     | Reached skill level 13 in Armour
 16786 | D:13     | 16786 ||| Stepping ~*~*~tactically~*~*~ (hiding).
 16971 | D:13     | 16971 ||| INVOKING Heroism.
 17070 | D:13     | 17070 ||| Stepping ~*~*~tactically~*~*~ (stealth).
 17079 | D:13     | 17079 ||| Stepping ~*~*~tactically~*~*~ (stealth).
 17087 | D:13     | Reached skill level 14 in Armour
 17096 | D:13     | 17096 ||| Stepping ~*~*~tactically~*~*~ (stealth).
 17110 | D:13     | 17110 ||| Stepping ~*~*~tactically~*~*~ (stealth).
 17112 | D:13     | 17112 ||| Stepping ~*~*~tactically~*~*~ (hiding).
 17116 | D:13     | 17116 ||| Stepping ~*~*~tactically~*~*~ (stealth).
 17126 | D:13     | 17126 ||| Stepping ~*~*~tactically~*~*~ (stealth).
 17146 | D:13     | 17146 ||| Stepping ~*~*~tactically~*~*~ (hiding).
 17149 | D:13     | 17149 ||| Stepping ~*~*~tactically~*~*~ (hiding).
 17151 | D:13     | 17151 ||| Stepping ~*~*~tactically~*~*~ (hiding).
 17152 | D:13     | 17152 ||| Stepping ~*~*~tactically~*~*~ (hiding).
 17153 | D:13     | 17153 ||| Stepping ~*~*~tactically~*~*~ (hiding).
 17422 | D:13     | Identified the +5 scale mail "Vaagraow" {rC+}
 17547 | D:13     | 17547 ||| INVOKING Heroism.
 17549 | D:13     | Reached XP level 16. HP: 63/101 MP: 20/23
 17717 | D:13     | Found a gate to the Vaults.
 17779 | D:13     | 17779 ||| READING scroll labelled QAKLA BOXOK.
 17798 | D:14     | 17798 ||| Stepping ~*~*~tactically~*~*~ (stealth).
 17800 | D:14     | 17800 ||| Stepping ~*~*~tactically~*~*~ (hiding).
 18400 | D:15     | Entered Level 15 of the Dungeon
 18423 | D:15     | Received a gift from Okawaru
 18442 | D:15     | 18442 ||| INVOKING Heroism.
 18467 | D:15     | Received a gift from Okawaru
 18492 | D:15     | 18492 ||| INVOKING Heroism.
 18710 | D:15     | 18710 ||| SWAPPING to +2 vampiric broad axe.
 18787 | D:15     | Found a staircase to the Depths.
 18907 | D:15     | Found a runed translucent door.
 19116 | D:15     | 19116 ||| DROPPING scarf of repulsion.
 19117 | D:15     | 19117 ||| PLANNING ORC
 19245 | Orc:1    | Entered Level 1 of the Orcish Mines
 19247 | Orc:1    | 19247 ||| INVOKING Heroism.
 19248 | Orc:1    | 19248 ||| INVOKING Finesse.
 19519 | Orc:1    | Found a runed translucent door.
 19519 | Orc:1    | Identified the +4 war axe of Rudghotih {freeze, Will+}
 19771 | Orc:2    | Entered Level 2 of the Orcish Mines
 19819 | Orc:2    | 19819 ||| Stepping ~*~*~tactically~*~*~ (hiding).
 19870 | Orc:2    | Found Ippengor's General Store.
 19873 | Orc:2    | 19873 ||| BUYING scroll of teleportation (30 gold).
 19873 | Orc:2    | Bought a scroll of teleportation for 30 gold pieces
 19912 | Orc:2    | 19912 ||| Stepping ~*~*~tactically~*~*~ (hiding).
 19913 | Orc:2    | 19913 ||| Stepping ~*~*~tactically~*~*~ (hiding).
 19919 | Orc:2    | Noticed Saint Roka
 19920 | Orc:2    | 19920 ||| INVOKING Heroism.
 19921 | Orc:2    | 19921 ||| INVOKING Finesse.
 19948 | Orc:2    | Killed Saint Roka
 19951 | Orc:2    | Received a gift from Okawaru
 19988 | Orc:2    | 19988 ||| Stepping ~*~*~tactically~*~*~ (stealth).
 19996 | Orc:2    | 19996 ||| Stepping ~*~*~tactically~*~*~ (stealth).
 20010 | Orc:2    | 20010 ||| INVOKING Heroism.
 20043 | Orc:2    | 20043 ||| DROPPING +1 heavy broad axe.
 20052 | Orc:2    | 20052 ||| Stepping ~*~*~tactically~*~*~ (stealth).
 20076 | Orc:2    | 20076 ||| INVOKING Heroism.
 20171 | Orc:2    | 20171 ||| Stepping ~*~*~tactically~*~*~ (hiding).
 20174 | Orc:2    | 20174 ||| Stepping ~*~*~tactically~*~*~ (hiding).
 20175 | Orc:2    | 20175 ||| Stepping ~*~*~tactically~*~*~ (hiding).
 20201 | Orc:2    | 20201 ||| INVOKING Heroism.
 20206 | Orc:2    | 20206 ||| Stepping ~*~*~tactically~*~*~ (stealth).
 20281 | Orc:2    | 20281 ||| Stepping ~*~*~tactically~*~*~ (stealth).
 20284 | Orc:2    | 20284 ||| Stepping ~*~*~tactically~*~*~ (stealth).
 20305 | Orc:2    | Found Ryonoc's Distillery.
 20365 | Orc:2    | 20365 ||| Stepping ~*~*~tactically~*~*~ (hiding).
 20368 | Orc:2    | 20368 ||| INVOKING Heroism.
 20446 | Orc:2    | Found Wepnol's Jewellery Boutique.
 20446 | Orc:2    | Found Syunwam's Magic Scroll Shoppe.
 20453 | Orc:2    | 20453 ||| BUYING scroll of enchant armour (105 gold).
 20453 | Orc:2    | Bought a scroll of enchant armour for 105 gold pieces
 20453 | Orc:2    | 20453 ||| BUYING scroll of enchant weapon (105 gold).
 20453 | Orc:2    | Bought a scroll of enchant weapon for 105 gold pieces
 20453 | Orc:2    | 20453 ||| READING scroll of enchant armour.
 20453 | Orc:2    | 20453 ||| ENCHANTING +0 pair of boots.
 20454 | Orc:2    | 20454 ||| READING scroll of enchant weapon.
 20454 | Orc:2    | 20454 ||| ENCHANTING +2 vampiric broad axe.
 20464 | Orc:2    | 20464 ||| BUYING +6 ring of strength (540 gold).
 20464 | Orc:2    | Bought a +6 ring of strength for 540 gold pieces
 20464 | Orc:2    | 20464 ||| BUYING ring "Patz" {Str+6 Int+6 SInv} (897 gold).
 20464 | Orc:2    | Bought the ring "Patz" {Str+6 Int+6 SInv} for 897 gold
                  | pieces
 20469 | Orc:2    | Found a staircase to the Elven Halls.
 20490 | Orc:2    | 20490 ||| BUYING potion of curing (36 gold).
 20490 | Orc:2    | Bought a potion of curing for 36 gold pieces
 20490 | Orc:2    | 20490 ||| BUYING potion of curing (36 gold).
 20490 | Orc:2    | Bought a potion of curing for 36 gold pieces
 20490 | Orc:2    | 20490 ||| BUYING potion of curing (36 gold).
 20490 | Orc:2    | Bought a potion of curing for 36 gold pieces
 20490 | Orc:2    | 20490 ||| BUYING potion of heal wounds (60 gold).
 20490 | Orc:2    | Bought a potion of heal wounds for 60 gold pieces
 20490 | Orc:2    | 20490 ||| BUYING potion of lignification (36 gold).
 20490 | Orc:2    | Bought a potion of lignification for 36 gold pieces
 20490 | Orc:2    | 20490 ||| BUYING potion of lignification (36 gold).
 20490 | Orc:2    | Bought a potion of lignification for 36 gold pieces
 20490 | Orc:2    | 20490 ||| BUYING potion of might (48 gold).
 20490 | Orc:2    | Bought a potion of might for 48 gold pieces
 20490 | Orc:2    | 20490 ||| BUYING potion of might (48 gold).
 20490 | Orc:2    | Bought a potion of might for 48 gold pieces
 20559 | Orc:2    | 20559 ||| Stepping ~*~*~tactically~*~*~ (stealth).
 20561 | Orc:2    | 20561 ||| Stepping ~*~*~tactically~*~*~ (hiding).
 20602 | Orc:2    | Found Tuate's Weapon Boutique.
 20800 | Orc:2    | Found Waz Pue's General Store.
 20800 | Orc:2    | Found Vayl Yng's Antique Armour Shoppe.
 20806 | Orc:2    | 20806 ||| BUYING potion of curing (45 gold).
 20806 | Orc:2    | Bought a potion of curing for 45 gold pieces
 20806 | Orc:2    | 20806 ||| BUYING potion of haste (150 gold).
 20806 | Orc:2    | Bought a potion of haste for 150 gold pieces
 20806 | Orc:2    | 20806 ||| BUYING scroll of enchant weapon (112 gold).
 20806 | Orc:2    | Bought a scroll of enchant weapon for 112 gold pieces
 20806 | Orc:2    | 20806 ||| BUYING scroll of teleportation (45 gold).
 20806 | Orc:2    | Bought a scroll of teleportation for 45 gold pieces
 20806 | Orc:2    | 20806 ||| READING scroll of enchant weapon.
 20806 | Orc:2    | 20806 ||| ENCHANTING +3 vampiric broad axe.
 20816 | Orc:2    | 20816 ||| SHOPLISTING bloodstained helmet (323 gold, have
                  | 20).
 20816 | Orc:2    | 20816 ||| SHOPLISTING runed helmet (255 gold, have 20).
 20889 | Orc:2    | Found a shimmering blue altar of Sif Muna.
 20911 | Orc:2    | 20911 ||| PLANNING SWAMP:1-3
 20911 | Orc:2    | 20911 ||| UPGRADING to +6 ring of strength.
 20913 | Orc:2    | 20913 ||| DROPPING +4 ring of slaying {mikee}.
 21122 | Swamp:1  | Entered Level 1 of the Swamp
 21179 | Swamp:1  | 21179 ||| INVOKING Heroism.
 21198 | Swamp:1  | 21198 ||| Stepping ~*~*~tactically~*~*~ (hiding).
 21220 | Swamp:1  | 21220 ||| INVOKING Heroism.
 21299 | Swamp:1  | 21299 ||| INVOKING Heroism.
 21300 | Swamp:1  | 21300 ||| Stepping ~*~*~tactically~*~*~ (cloud).
 21302 | Swamp:1  | 21302 ||| Stepping ~*~*~tactically~*~*~ (cloud).
 21309 | Swamp:1  | HP: 6/103 [bog body/bolt of cold (33)]
 21310 | Swamp:1  | 21310 ||| READING 5 scrolls of teleportation.
 21311 | Swamp:1  | 21311 ||| DRINKING 12 potions of heal wounds.
 21361 | Swamp:1  | 21361 ||| READING scroll of enchant armour.
 21361 | Swamp:1  | 21361 ||| ENCHANTING +1 pair of boots.
 21680 | Swamp:2  | 21680 ||| INVOKING Heroism.
 21691 | Swamp:2  | Reached skill level 15 in Armour
 21691 | Swamp:2  | Reached XP level 17. HP: 108/108 MP: 22/24
 21752 | Swamp:2  | Reached skill level 6 in Throwing
 21808 | Swamp:2  | 21808 ||| Stepping ~*~*~tactically~*~*~ (stealth).
 21818 | Swamp:2  | Received a gift from Okawaru
 21862 | Swamp:2  | 21862 ||| INVOKING Heroism.
 21994 | Swamp:2  | 21994 ||| INVOKING Heroism.
 22174 | Swamp:3  | 22174 ||| SWAPPING to +3 broad axe of flaming.
 22178 | Swamp:3  | 22178 ||| SWAPPING to +4 vampiric broad axe.
 22188 | Swamp:3  | Received a gift from Okawaru
 22189 | Swamp:3  | 22189 ||| INVOKING Heroism.
 22242 | Swamp:3  | 22242 ||| INVOKING Heroism.
 22341 | Swamp:3  | 22341 ||| INVOKING Heroism.
 22650 | Swamp:3  | 22650 ||| PLANNING SNAKE:1-3
 22650 | Swamp:3  | 22650 ||| DROPPING ring of magical power.
 22770 | Snake:1  | Entered Level 1 of the Snake Pit
 22778 | Snake:1  | Noticed Asterion
 22779 | Snake:1  | 22779 ||| INVOKING Heroism.
 22780 | Snake:1  | 22780 ||| INVOKING Finesse.
 22784 | Snake:1  | Received a gift from Okawaru
 22791 | Snake:1  | Noticed an Executioner
 22801 | Snake:1  | Noticed an Executioner
 22802 | Snake:1  | Killed Asterion
 22817 | Snake:1  | Reached skill level 18 in Axes
 22839 | Snake:1  | 22839 ||| Stepping ~*~*~tactically~*~*~ (hiding).
 22840 | Snake:1  | 22840 ||| Stepping ~*~*~tactically~*~*~ (hiding).
 22841 | Snake:1  | 22841 ||| Stepping ~*~*~tactically~*~*~ (hiding).
 22851 | Snake:1  | Received a gift from Okawaru
 22898 | Snake:1  | 22898 ||| Stepping ~*~*~tactically~*~*~ (hiding).
 22977 | Snake:1  | 22977 ||| Stepping ~*~*~tactically~*~*~ (stealth).
 23028 | Snake:1  | 23028 ||| Stepping ~*~*~tactically~*~*~ (hiding).
 23059 | Snake:1  | 23059 ||| READING 2 scrolls of acquirement.
 23059 | Snake:1  | 23059 ||| ACQUIRING +5 broad axe of freezing
 23059 | Snake:1  | Acquired a +5 broad axe of freezing
 23061 | Snake:1  | 23061 ||| READING scroll of acquirement.
 23061 | Snake:1  | 23061 ||| ACQUIRING ring "Eddu" {rF+ rN+ Dex+2 Slay+4}
 23061 | Snake:1  | Acquired the ring "Eddu" {rF+ rN+ Dex+2 Slay+4}
 23063 | Snake:1  | 23063 ||| UPGRADING to ring "Eddu" {rF+ rN+ Dex+2 Slay+4}.
 23341 | Snake:1  | 23341 ||| Stepping ~*~*~tactically~*~*~ (stealth).
 23343 | Snake:1  | 23343 ||| Stepping ~*~*~tactically~*~*~ (hiding).
 23516 | Snake:1  | 23516 ||| DROPPING +6 ring of strength.
 23517 | Snake:1  | 23517 ||| READING scroll labelled AHOOHUXT XADU.
 23570 | Snake:2  | Reached skill level 6 in Dodging
 23603 | Snake:2  | 23603 ||| Stepping ~*~*~tactically~*~*~ (hiding).
 23721 | Snake:2  | 23721 ||| INVOKING Heroism.
 23862 | Snake:2  | 23862 ||| Stepping ~*~*~tactically~*~*~ (hiding).
 23867 | Snake:2  | 23867 ||| INVOKING Heroism.
 23870 | Snake:2  | Received a gift from Okawaru
 23874 | Snake:2  | 23874 ||| Stepping ~*~*~tactically~*~*~ (hiding).
 23897 | Snake:2  | 23897 ||| Stepping ~*~*~tactically~*~*~ (hiding).
 23898 | Snake:2  | 23898 ||| Stepping ~*~*~tactically~*~*~ (hiding).
 23901 | Snake:2  | 23901 ||| Stepping ~*~*~tactically~*~*~ (hiding).
 23902 | Snake:2  | 23902 ||| Stepping ~*~*~tactically~*~*~ (hiding).
 23911 | Snake:2  | 23911 ||| Stepping ~*~*~tactically~*~*~ (hiding).
 23912 | Snake:2  | 23912 ||| Stepping ~*~*~tactically~*~*~ (hiding).
 23972 | Snake:2  | 23972 ||| Stepping ~*~*~tactically~*~*~ (hiding).
 23975 | Snake:2  | 23975 ||| Stepping ~*~*~tactically~*~*~ (hiding).
 23978 | Snake:2  | 23978 ||| Stepping ~*~*~tactically~*~*~ (hiding).
 23979 | Snake:2  | 23979 ||| INVOKING Heroism.
 24298 | Snake:2  | 24298 ||| READING scroll labelled WAQOIT HUURUI.
 24320 | Snake:3  | 24320 ||| INVOKING Heroism.
 24334 | Snake:3  | Received a gift from Okawaru
 24361 | Snake:3  | 24361 ||| Stepping ~*~*~tactically~*~*~ (hiding).
 24387 | Snake:3  | Received a gift from Okawaru
 24391 | Snake:3  | 24391 ||| INVOKING Heroism.
 24396 | Snake:3  | Reached skill level 16 in Armour
 24424 | Snake:3  | Found Iviw's Antique Weapon Shoppe.
 24427 | Snake:3  | Found Lapej's Assorted Antiques.
 24427 | Snake:3  | Found Liruidgh's Magic Scroll Shoppe.
 24432 | Snake:3  | Found Ykofuol's Antique Weapon Emporium.
 24435 | Snake:3  | 24435 ||| BUYING scroll of teleportation (48 gold).
 24435 | Snake:3  | Bought a scroll of teleportation for 48 gold pieces
 24435 | Snake:3  | 24435 ||| BUYING scroll of teleportation (48 gold).
 24435 | Snake:3  | Bought a scroll of teleportation for 48 gold pieces
 24435 | Snake:3  | 24435 ||| BUYING scroll of teleportation (48 gold).
 24435 | Snake:3  | Bought a scroll of teleportation for 48 gold pieces
 24438 | Snake:3  | 24438 ||| BUYING glowing broad axe (224 gold).
 24438 | Snake:3  | Bought a glowing broad axe for 224 gold pieces
 24438 | Snake:3  | 24438 ||| DROPPING +0 broad axe of flaming.
 24442 | Snake:3  | 24442 ||| BUYING pair of embroidered boots (180 gold).
 24442 | Snake:3  | Bought a pair of embroidered boots for 180 gold pieces
 24442 | Snake:3  | 24442 ||| SHOPLISTING potion of cancellation (192 gold,
                  | have 2).
 24451 | Snake:3  | 24451 ||| Stepping ~*~*~tactically~*~*~ (hiding).
 24452 | Snake:3  | 24452 ||| Stepping ~*~*~tactically~*~*~ (hiding).
 24453 | Snake:3  | 24453 ||| INVOKING Heroism.
 24455 | Snake:3  | Noticed Mara
 24456 | Snake:3  | 24456 ||| INVOKING Finesse.
 24465 | Snake:3  | Noticed qw's illusion
 24478 | Snake:3  | Killed Mara
 24479 | Snake:3  | Reached XP level 18. HP: 69/114 MP: 1/25
 24615 | Snake:3  | 24615 ||| DROPPING +3 broad axe of flaming.
 24729 | Snake:3  | 24729 ||| Stepping ~*~*~tactically~*~*~ (hiding).
 24730 | Snake:3  | 24730 ||| Stepping ~*~*~tactically~*~*~ (hiding).
 24732 | Snake:3  | 24732 ||| Stepping ~*~*~tactically~*~*~ (hiding).
 24733 | Snake:3  | 24733 ||| INVOKING Heroism.
 24736 | Snake:3  | Noticed Vashnia
 24749 | Snake:3  | Received a gift from Okawaru
 24795 | Snake:3  | Killed Vashnia
 24931 | Snake:3  | 24931 ||| Stepping ~*~*~tactically~*~*~ (hiding).
 25266 | Snake:3  | 25266 ||| PLANNING SWAMP:4
 25266 | Snake:3  | 25266 ||| DROPPING scarf of shadows.
 25267 | Snake:3  | 25267 ||| DROPPING +1 pair of boots of rampaging.
 25268 | Snake:3  | 25268 ||| DROPPING amulet of the acrobat.
 25447 | Swamp:4  | Entered Level 4 of the Swamp
 25448 | Swamp:4  | 25448 ||| INVOKING Heroism.
 25484 | Swamp:4  | 25484 ||| INVOKING Finesse.
 25492 | Swamp:4  | 25492 ||| Stepping ~*~*~tactically~*~*~ (cloud).
 25512 | Swamp:4  | Received a gift from Okawaru
 25557 | Swamp:4  | 25557 ||| Stepping ~*~*~tactically~*~*~ (hiding).
 25559 | Swamp:4  | 25559 ||| INVOKING Heroism.
 25652 | Swamp:4  | Noticed a bone dragon
 25673 | Swamp:4  | Killed a bone dragon
 25674 | Swamp:4  | 25674 ||| FLEEEEING.
 25675 | Swamp:4  | 25675 ||| STAIRDANCE
 25718 | Swamp:4  | 25718 ||| STAIRDANCE
 25792 | Swamp:4  | 25792 ||| INVOKING Heroism.
 25818 | Swamp:4  | 25818 ||| Stepping ~*~*~tactically~*~*~ (stealth).
 25819 | Swamp:4  | 25819 ||| Stepping ~*~*~tactically~*~*~ (stealth).
 25849 | Swamp:4  | 25849 ||| Stepping ~*~*~tactically~*~*~ (hiding).
 25853 | Swamp:4  | 25853 ||| Stepping ~*~*~tactically~*~*~ (hiding).
 25862 | Swamp:4  | 25862 ||| Stepping ~*~*~tactically~*~*~ (cloud).
 25864 | Swamp:4  | 25864 ||| Stepping ~*~*~tactically~*~*~ (cloud).
 25946 | Swamp:4  | 25946 ||| Stepping ~*~*~tactically~*~*~ (stealth).
 26044 | Swamp:4  | 26044 ||| FLEEEEING.
 26045 | Swamp:4  | 26045 ||| INVOKING Heroism.
 26181 | Swamp:4  | Got a decaying rune of Zot
 26303 | Swamp:4  | 26303 ||| PLANNING VAULTS:1-4
 26303 | Swamp:4  | 26303 ||| READING 9 scrolls of teleportation.
 26306 | Swamp:4  | 26306 ||| READING 8 scrolls of teleportation.
 26310 | Swamp:4  | 26310 ||| READING 7 scrolls of teleportation.
 26315 | Swamp:4  | 26315 ||| READING 6 scrolls of teleportation.
 26318 | Swamp:4  | 26318 ||| READING 5 scrolls of teleportation.
 26321 | Swamp:4  | 26321 ||| READING 4 scrolls of teleportation.
 26326 | Swamp:4  | 26326 ||| READING 3 scrolls of teleportation.
 26331 | Swamp:4  | 26331 ||| READING 2 scrolls of teleportation.
 26335 | Swamp:4  | 26335 ||| READING scroll of teleportation.
 26612 | Vaults:1 | Entered Level 1 of the Vaults
 26619 | Vaults:1 | Reached skill level 17 in Armour
 26627 | Vaults:1 | Received a gift from Okawaru
 26647 | Vaults:1 | 26647 ||| INVOKING Heroism.
 26648 | Vaults:1 | 26648 ||| INVOKING Finesse.
 26743 | Vaults:1 | 26743 ||| Stepping ~*~*~tactically~*~*~ (hiding).
 26822 | Vaults:1 | Reached skill level 15 in Fighting
 26904 | Vaults:1 | 26904 ||| Stepping ~*~*~tactically~*~*~ (hiding).
 26906 | Vaults:1 | 26906 ||| Stepping ~*~*~tactically~*~*~ (hiding).
 26907 | Vaults:1 | 26907 ||| Stepping ~*~*~tactically~*~*~ (hiding).
 26908 | Vaults:1 | 26908 ||| Stepping ~*~*~tactically~*~*~ (hiding).
 27340 | Vaults:1 | Received a gift from Okawaru
 27403 | Vaults:1 | 27403 ||| Stepping ~*~*~tactically~*~*~ (hiding).
 27439 | Vaults:1 | 27439 ||| Stepping ~*~*~tactically~*~*~ (stealth).
 27448 | Vaults:1 | Reached XP level 19. HP: 124/124 MP: 26/26
 27475 | Vaults:1 | 27475 ||| Stepping ~*~*~tactically~*~*~ (hiding).
 27487 | Vaults:1 | Reached skill level 18 in Armour
 27542 | Vaults:1 | 27542 ||| INVOKING Heroism.
 27547 | Vaults:1 | 27547 ||| INVOKING Finesse.
 27637 | Vaults:1 | Received a gift from Okawaru
 27695 | Vaults:1 | 27695 ||| Stepping ~*~*~tactically~*~*~ (stealth).
 27697 | Vaults:1 | 27697 ||| Stepping ~*~*~tactically~*~*~ (hiding).
 27724 | Vaults:1 | Received a gift from Okawaru
 27796 | Vaults:1 | 27796 ||| Stepping ~*~*~tactically~*~*~ (hiding).
 27935 | Vaults:2 | Noticed Margery
 27936 | Vaults:2 | 27936 ||| INVOKING Heroism.
 27937 | Vaults:2 | 27937 ||| INVOKING Finesse.
 27941 | Vaults:2 | Received a gift from Okawaru
 27970 | Vaults:2 | Killed Margery
 28003 | Vaults:2 | Found Paozxay's Antique Weapon Shoppe.
 28050 | Vaults:2 | Reached skill level 15 in Shields
 28079 | Vaults:2 | 28079 ||| INVOKING Heroism.
 28080 | Vaults:2 | 28080 ||| INVOKING Finesse.
 28238 | Vaults:2 | 28238 ||| Stepping ~*~*~tactically~*~*~ (hiding).
 28239 | Vaults:2 | 28239 ||| Stepping ~*~*~tactically~*~*~ (hiding).
 28243 | Vaults:2 | 28243 ||| INVOKING Heroism.
 28244 | Vaults:2 | 28244 ||| INVOKING Finesse.
 28252 | Vaults:2 | Reached skill level 9 in Throwing
 28309 | Vaults:2 | 28309 ||| INVOKING Heroism.
 28372 | Vaults:2 | 28372 ||| Stepping ~*~*~tactically~*~*~ (stealth).
 28374 | Vaults:2 | 28374 ||| Stepping ~*~*~tactically~*~*~ (hiding).
 28536 | Vaults:2 | 28536 ||| Stepping ~*~*~tactically~*~*~ (stealth).
 28537 | Vaults:2 | 28537 ||| Stepping ~*~*~tactically~*~*~ (stealth).
 28540 | Vaults:2 | 28540 ||| Stepping ~*~*~tactically~*~*~ (hiding).
 28541 | Vaults:2 | 28541 ||| Stepping ~*~*~tactically~*~*~ (hiding).
 28684 | Vaults:2 | 28684 ||| Stepping ~*~*~tactically~*~*~ (hiding).
 28687 | Vaults:2 | 28687 ||| Stepping ~*~*~tactically~*~*~ (hiding).
 28692 | Vaults:2 | 28692 ||| Stepping ~*~*~tactically~*~*~ (hiding).
 28693 | Vaults:2 | Noticed Aizul
 28694 | Vaults:2 | 28694 ||| INVOKING Heroism.
 28695 | Vaults:2 | 28695 ||| INVOKING Finesse.
 28721 | Vaults:2 | Killed Aizul
 28983 | Vaults:2 | Found a staircase to the Crypt.
 28983 | Vaults:2 | Found an ancient bone altar of Kikubaaqudgha.
 28983 | Vaults:2 | Found a basalt altar of Yredelemnul.
 29054 | Vaults:2 | 29054 ||| READING 22 scrolls of identify.
 29054 | Vaults:2 | 29054 ||| IDENTIFYING brown potion
 29055 | Vaults:2 | 29055 ||| DROPPING potion of ambrosia.
 29116 | Vaults:3 | 29116 ||| Stepping ~*~*~tactically~*~*~ (hiding).
 29117 | Vaults:3 | 29117 ||| Stepping ~*~*~tactically~*~*~ (hiding).
 29178 | Vaults:3 | Received a gift from Okawaru
 29191 | Vaults:3 | 29191 ||| INVOKING Heroism.
 29192 | Vaults:3 | 29192 ||| INVOKING Finesse.
 29255 | Vaults:3 | Reached skill level 19 in Armour
 29262 | Vaults:3 | 29262 ||| Stepping ~*~*~tactically~*~*~ (stealth).
 29308 | Vaults:3 | Noticed Bai Suzhen
 29309 | Vaults:3 | 29309 ||| INVOKING Heroism.
 29310 | Vaults:3 | 29310 ||| INVOKING Finesse.
 29331 | Vaults:3 | Killed Bai Suzhen
 29332 | Vaults:3 | 29332 ||| Stepping ~*~*~tactically~*~*~ (cloud).
 29535 | Vaults:3 | Reached XP level 20. HP: 132/132 MP: 27/27
 29559 | Vaults:3 | 29559 ||| Stepping ~*~*~tactically~*~*~ (hiding).
 29590 | Vaults:3 | 29590 ||| INVOKING Heroism.
 29597 | Vaults:3 | Received a gift from Okawaru
 29615 | Vaults:3 | 29615 ||| DROPPING +5 heavy broad axe.
 29804 | Vaults:3 | Found Puwkuczu's Armour Shoppe.
 29877 | Vaults:3 | 29877 ||| Stepping ~*~*~tactically~*~*~ (hiding).
 29907 | Vaults:3 | 29907 ||| Stepping ~*~*~tactically~*~*~ (hiding).
 29916 | Vaults:3 | 29916 ||| Stepping ~*~*~tactically~*~*~ (hiding).
 30161 | Vaults:4 | 30161 ||| PLANNING DESOLATION
 30344 | Vaults:4 | 30344 ||| Stepping ~*~*~tactically~*~*~ (hiding).
 30347 | Vaults:4 | 30347 ||| Stepping ~*~*~tactically~*~*~ (hiding).
 30400 | Vaults:4 | Found Poash's Jewellery Shoppe.
 30408 | Vaults:4 | 30408 ||| BUYING +5 ring of evasion (720 gold).
 30408 | Vaults:4 | Bought a +5 ring of evasion for 720 gold pieces
 30408 | Vaults:4 | 30408 ||| SHOPLISTING ring "Akiq Xae" {+Blink rC- AC+4
                  | Dex+5} (1070 gold, have 49).
 30408 | Vaults:4 | 30408 ||| SHOPLISTING ring "Muciunwi" {rF++ EV+5} (1210
                  | gold, have 49).
 30408 | Vaults:4 | 30408 ||| SHOPLISTING ring of Vekevotz {Fire Str+3} (766
                  | gold, have 49).
 30408 | Vaults:4 | 30408 ||| SHOPLISTING ring of protection from fire (500
                  | gold, have 49).
 30447 | Vaults:4 | 30447 ||| FLEEEEING.
 30448 | Vaults:4 | 30448 ||| FLEEEEING.
 30453 | Vaults:4 | 30453 ||| FLEEEEING.
 30454 | Vaults:4 | 30454 ||| FLEEEEING.
 30455 | Vaults:4 | 30455 ||| FLEEEEING.
 30456 | Vaults:4 | 30456 ||| FLEEEEING.
 30457 | Vaults:4 | 30457 ||| FLEEEEING.
 30458 | Vaults:4 | 30458 ||| FLEEEEING.
 30459 | Vaults:4 | 30459 ||| FLEEEEING.
 30473 | Vaults:4 | Received a gift from Okawaru
 30491 | Vaults:4 | 30491 ||| Stepping ~*~*~tactically~*~*~ (hiding).
 30600 | Vaults:4 | 30600 ||| READING scroll of enchant weapon.
 30600 | Vaults:4 | 30600 ||| ENCHANTING +4 vampiric broad axe.
 30601 | Vaults:4 | 30601 ||| DROPPING +5 broad axe of freezing.
 30753 | Vaults:4 | 30753 ||| Stepping ~*~*~tactically~*~*~ (stealth).
 30771 | Vaults:4 | Found a crumbling gateway.
 30776 | Desolati | Entered the Desolation of Salt
 30818 | Desolati | Received a gift from Okawaru
 30819 | Desolati | Reached skill level 20 in Armour
 30823 | Desolati | Received a gift from Okawaru
 30829 | Desolati | 30829 ||| INVOKING Heroism.
 30842 | Desolati | HP: 33/134 [ragged hierophant/a resonance strike (37)]
 30843 | Desolati | 30843 ||| DRINKING 12 potions of heal wounds.
 30848 | Desolati | HP: 33/134 [saltling (10)]
 30849 | Desolati | 30849 ||| DRINKING 11 potions of heal wounds.
 30851 | Desolati | 30851 ||| DRINKING 10 potions of heal wounds.
 30852 | Desolati | 30852 ||| DRINKING 9 potions of heal wounds.
 30853 | Desolati | 30853 ||| DRINKING 8 potions of heal wounds.
 30861 | Desolati | 30861 ||| INVOKING Heroism.
 30868 | Desolati | Reached XP level 21. HP: 126/139 MP: 26/28
 30898 | Desolati | Identified the +3 great mace "Maptole" {freeze, rN+ Will+}
 30900 | Desolati | Identified the +1 ring mail of Exclusion {-Cast rElec rC+
                  | Dex+3}
 30909 | Desolati | Identified the +1 robe of Decompression {rElec Str+2}
 30911 | Desolati | Identified the +3 dagger of Linearity {holy, Int+3}
 30916 | Desolati | 30916 ||| Stepping ~*~*~tactically~*~*~ (stealth).
 30969 | Desolati | Identified the orb of Chimes {*channel, rC++ Dex-3}
 31043 | Desolati | Identified the ring "Xeciv" {rPois rC++ rCorr MP-9}
 31240 | Desolati | Identified the ring "Biceifagg" {rF+ EV+5 Str-4 SInv}
 31401 | Desolati | 31401 ||| DROPPING amulet of guardian spirit.
 31402 | Desolati | 31402 ||| DROPPING ring of resist corrosion.
 31403 | Desolati | 31403 ||| DROPPING ring of ice.
 31419 | Vaults:4 | 31419 ||| PLANNING VAULTS:1-4
 31431 | Vaults:4 | 31431 ||| Stepping ~*~*~tactically~*~*~ (stealth).
 32153 | Vaults:4 | 32153 ||| PLANNING SNAKE:4
 32580 | Snake:4  | Entered Level 4 of the Snake Pit
 32726 | Snake:4  | Reached skill level 18 in Fighting
 32915 | Snake:4  | Received a gift from Okawaru
 32929 | Snake:4  | 32929 ||| DROPPING +2 broad axe of freezing.
 32935 | Snake:4  | Got a serpentine rune of Zot
 32959 | Snake:4  | 32959 ||| Stepping ~*~*~tactically~*~*~ (hiding).
 32961 | Snake:4  | 32961 ||| Stepping ~*~*~tactically~*~*~ (hiding).
 32973 | Snake:4  | 32973 ||| Stepping ~*~*~tactically~*~*~ (hiding).
 32985 | Snake:4  | 32985 ||| Stepping ~*~*~tactically~*~*~ (hiding).
 32987 | Snake:4  | 32987 ||| Stepping ~*~*~tactically~*~*~ (hiding).
 32988 | Snake:4  | 32988 ||| Stepping ~*~*~tactically~*~*~ (hiding).
 33062 | Snake:4  | Reached skill level 9 in Dodging
 33119 | Snake:4  | 33119 ||| Stepping ~*~*~tactically~*~*~ (hiding).
 33384 | Snake:4  | Identified the +0 scale mail of Card Tricks {rC+ rCorr
                  | Int+5}
 33475 | Snake:4  | 33475 ||| PLANNING DEPTHS
 33475 | Snake:4  | 33475 ||| DROPPING +0 acid dragon scales.
 33476 | Snake:4  | 33476 ||| DROPPING scarf of shadows.
 33710 | Depths:1 | Entered Level 1 of the Depths
 33735 | Depths:1 | Found a one-way gateway to a ziggurat.
 33742 | Depths:1 | 33742 ||| Stepping ~*~*~tactically~*~*~ (hiding).
 33747 | Depths:1 | 33747 ||| INVOKING Heroism.
 33748 | Depths:1 | 33748 ||| INVOKING Finesse.
 33762 | Depths:1 | Noticed Sojobo
 33763 | Depths:1 | 33763 ||| Stepping ~*~*~tactically~*~*~ (hiding).
 33794 | Depths:1 | Paralysed by an air elemental for 1 turns
 33798 | Depths:1 | Killed Sojobo
 33803 | Depths:1 | Reached skill level 21 in Armour
 33810 | Depths:1 | 33810 ||| Stepping ~*~*~tactically~*~*~ (hiding).
 33812 | Depths:1 | 33812 ||| Stepping ~*~*~tactically~*~*~ (hiding).
 33813 | Depths:1 | 33813 ||| INVOKING Heroism.
 33814 | Depths:1 | 33814 ||| INVOKING Finesse.
 33825 | Depths:1 | Received a gift from Okawaru
 33855 | Depths:1 | 33855 ||| Stepping ~*~*~tactically~*~*~ (stealth).
 33856 | Depths:1 | 33856 ||| Stepping ~*~*~tactically~*~*~ (stealth).
 33873 | Depths:1 | 33873 ||| Stepping ~*~*~tactically~*~*~ (stealth).
 33875 | Depths:1 | 33875 ||| Stepping ~*~*~tactically~*~*~ (stealth).
 33897 | Depths:1 | Found a radiant altar of Vehumet.
 33985 | Depths:1 | 33985 ||| INVOKING Heroism.
 33986 | Depths:1 | 33986 ||| INVOKING Finesse.
 34040 | Depths:1 | 34040 ||| INVOKING Heroism.
 34053 | Depths:1 | 34053 ||| Stepping ~*~*~tactically~*~*~ (hiding).
 34081 | Depths:1 | Received a gift from Okawaru
 34090 | Depths:1 | 34090 ||| INVOKING Heroism.
 34106 | Depths:1 | 34106 ||| INVOKING Finesse.
 34123 | Depths:1 | 34123 ||| Stepping ~*~*~tactically~*~*~ (hiding).
 34123 | Depths:1 | Identified the ring "Giawoqem" {Wiz SInv}
 34125 | Depths:1 | 34125 ||| Stepping ~*~*~tactically~*~*~ (hiding).
 34142 | Depths:1 | 34142 ||| Stepping ~*~*~tactically~*~*~ (hiding).
 34146 | Depths:1 | 34146 ||| Stepping ~*~*~tactically~*~*~ (hiding).
 34170 | Depths:1 | 34170 ||| Stepping ~*~*~tactically~*~*~ (stealth).
 34237 | Depths:1 | 34237 ||| Stepping ~*~*~tactically~*~*~ (stealth).
 34239 | Depths:1 | 34239 ||| Stepping ~*~*~tactically~*~*~ (stealth).
 34243 | Depths:1 | 34243 ||| Stepping ~*~*~tactically~*~*~ (stealth).
 34286 | Depths:1 | 34286 ||| INVOKING Heroism.
 34329 | Depths:1 | 34329 ||| FLEEEEING.
 34330 | Depths:1 | 34330 ||| FLEEEEING.
 34331 | Depths:1 | 34331 ||| FLEEEEING.
 34332 | Depths:1 | 34332 ||| FLEEEEING.
 34333 | Depths:1 | 34333 ||| FLEEEEING.
 34337 | Depths:1 | 34337 ||| FLEEEEING.
 34351 | Depths:1 | 34351 ||| Stepping ~*~*~tactically~*~*~ (hiding).
 34416 | Depths:1 | 34416 ||| INVOKING Heroism.
 34417 | Depths:1 | 34417 ||| INVOKING Finesse.
 34478 | Depths:1 | Found a one-way gate leading to the halls of Pandemonium.
 34525 | Depths:1 | 34525 ||| Stepping ~*~*~tactically~*~*~ (hiding).
 34536 | Depths:1 | 34536 ||| INVOKING Heroism.
 34537 | Depths:1 | 34537 ||| INVOKING Finesse.
 34652 | Depths:1 | Found a gateway to Hell.
 34824 | Depths:1 | 34824 ||| Stepping ~*~*~tactically~*~*~ (stealth).
 34826 | Depths:1 | 34826 ||| INVOKING Heroism.
 34893 | Depths:1 | Identified the +2 plate armour "Mecvoagoy" {+Inv Str+3
                  | Dex+2 Slay+3}
 35079 | Depths:1 | 35079 ||| DROPPING +2 hat.
 35080 | Depths:1 | 35080 ||| DROPPING +1 hat.
 35145 | Depths:2 | Found a portal to a secret trove of treasure.
 35158 | Depths:2 | Reached XP level 22. HP: 149/149 MP: 29/29
 35425 | Depths:1 | 35425 ||| Stepping randomly (stuck).
 35596 | Depths:2 | Identified the +5 demon blade of Spite {pain, rF+}
 35617 | Depths:2 | 35617 ||| INVOKING Heroism.
 35900 | Depths:2 | Identified the amulet of Ytoadazu {Faith rPois rCorr Int+7
                  | Dex-3}
 35901 | Depths:2 | 35901 ||| INVOKING Heroism.
 35964 | Depths:2 | Reached skill level 22 in Armour
 36133 | Depths:2 | 36133 ||| INVOKING Heroism.
 36152 | Depths:2 | 36152 ||| Stepping ~*~*~tactically~*~*~ (hiding).
 36153 | Depths:2 | 36153 ||| Stepping ~*~*~tactically~*~*~ (hiding).
 36165 | Depths:2 | Noticed a golden dragon
 36166 | Depths:2 | 36166 ||| INVOKING Finesse.
 36175 | Depths:2 | Killed a golden dragon
 36218 | Depths:2 | 36218 ||| INVOKING Heroism.
 36220 | Depths:2 | Noticed a juggernaut
 36235 | Depths:2 | Killed a juggernaut
 36237 | Depths:2 | 36237 ||| INVOKING Heroism.
 36244 | Depths:2 | Received a gift from Okawaru
 36414 | Depths:1 | Identified the +4 quarterstaff "Taug" {freeze, Dex+6}
 36415 | Depths:1 | 36415 ||| Stepping randomly (stuck).
 36477 | Depths:2 | You are sucked into a shaft and drop 1 floor!
 36477 | Depths:3 | Noticed a golden dragon
 36478 | Depths:3 | 36478 ||| INVOKING Heroism.
 36482 | Depths:3 | Killed a golden dragon
 36483 | Depths:3 | Noticed a golden dragon
 36493 | Depths:3 | Paralysed by a floating eye for 4 turns
 36501 | Depths:3 | Received a gift from Okawaru
 36507 | Depths:3 | Killed a golden dragon
 36524 | Depths:3 | Paralysed by a floating eye for 4 turns
 36529 | Depths:3 | 36529 ||| INVOKING Heroism.
 36551 | Depths:3 | Noticed Frederick
 36552 | Depths:3 | 36552 ||| INVOKING Finesse.
 36589 | Depths:3 | Killed Frederick
 36663 | Depths:3 | 36663 ||| Stepping ~*~*~tactically~*~*~ (hiding).
 36733 | Depths:3 | 36733 ||| Stepping ~*~*~tactically~*~*~ (stealth).
 36798 | Depths:3 | 36798 ||| Stepping ~*~*~tactically~*~*~ (stealth).
 36800 | Depths:3 | 36800 ||| Stepping ~*~*~tactically~*~*~ (hiding).
 36803 | Depths:3 | 36803 ||| Stepping ~*~*~tactically~*~*~ (hiding).
 36817 | Depths:3 | 36817 ||| INVOKING Heroism.
 36876 | Depths:3 | 36876 ||| READING scroll of enchant weapon.
 36876 | Depths:3 | 36876 ||| ENCHANTING +5 vampiric broad axe.
 36975 | Depths:3 | 36975 ||| Stepping ~*~*~tactically~*~*~ (stealth).
 36978 | Depths:3 | 36978 ||| Stepping ~*~*~tactically~*~*~ (stealth).
 36989 | Depths:3 | Received a gift from Okawaru
 37023 | Depths:3 | Found a one-way gate to the infinite horrors of the Abyss.
 37044 | Depths:3 | 37044 ||| DROPPING ring of positive energy.
 37046 | Depths:3 | 37046 ||| Stepping ~*~*~tactically~*~*~ (stealth).
 37071 | Depths:3 | Identified the ring of Elyvilon's Favour {Ice *Corrode
                  | rElec rPois Int+6}
 37071 | Depths:3 | Noticed Josephina
 37072 | Depths:3 | 37072 ||| INVOKING Heroism.
 37073 | Depths:3 | 37073 ||| INVOKING Finesse.
 37100 | Depths:3 | Killed Josephina
 37113 | Depths:3 | Killed from afar by a frost giant

Levels and vault maps discovered:
D:1:      dpeg_arrival_arbitrary_a, layout_rooms, serial_shops,
          nicolae_shop_tiny_real_fake_doors, shop_statue
D:2:      layout_basic, shapermc_ecumenical_altar_mp_highgroup, uniq_sigmund,
          uniq_crazy_yiuf_cottage
D:3:      layout_rooms, gup_sewer_entry_glass, uniq_grinder
D:4:      layout_loops_corners, grunt_dithmenos_smoke, minmay_misc_feat_hallway,
          hangedman_abyss_or_decor_jellyfish_corner
D:5:      kennysheep_windowed_halls, layout_basic
D:6:      layout_rooms, minmay_temple_entry_overgrown, small_statue_intersection
D:7:      layout_rooms, jmf_multi_god_temple, enter_bailey_4, serial_aquarium,
          aquarium_bridge_square [aquarium_subvault_window,
          aquarium_subvault_bridge, aquarium_subvault_wall,
          aquarium_subvault_wall], aquarium_window_corridor_1,
          aquarium_window_fake, aquarium_window_corner, aquarium_view_2f,
          aquarium_view_2c, aquarium_balcony_3b, aquarium_pool_2,
          supply_closet_lemuel
D:8:      layout_loops_ring
D:9:      layout_loops_ring, minitemple, erik_orc_3, uniq_harold
D:10:     layout_rooms, hellmonk_okawaru_the_only_friend_you_need,
          dpeg_lair_monsters
D:11:     layout_big_octagon
D:12:     layout_rooms, uniq_azrael
D:13:     dreamdust_isle_of_ice, layout_irregular_city,
          grunt_vaults_entry_fortified
D:14:     layout_loops_ring, kennysheep_doodads
D:15:     gammafunk_depths_entry_grave, layout_cave_pools, minmay_crystal_box
Temple:   hellmonk_temple_divided_pantheon
Lair:1:   layout_gridlike, infiniplex_staircase_pool_2
Lair:2:   nzn_winding_woodlands_huge [nzn_winding_woodlands_5x15_pool,
          nzn_winding_woodlands_5x15_river_crossing,
          nzn_winding_woodlands_5x15_sawtooth, nzn_winding_woodlands_5x15_eye,
          nzn_winding_woodlands_5x15_pockets,
          nzn_winding_woodlands_5x15_crooked, nzn_winding_woodlands_5x15_garden,
          nzn_winding_woodlands_5x15_lazy_stream,
          nzn_winding_woodlands_5x15_longhouse,
          nzn_winding_woodlands_5x15_sidewinder,
          nzn_winding_woodlands_center_pierced_h,
          nzn_winding_woodlands_center_lodge,
          nzn_winding_woodlands_15x15_killbox], layout_long_grid
Lair:3:   layout_loops_ring, minmay_swamp_entry_worms
Lair:4:   layout_roguey, nicolae_slime_entry_slimehenge, basic_altar,
          lemuel_fruit_fields, grunt_megastairs_3, uniq_rupert
Lair:5:   cheibrodos_lair_end_hotspot, layout_gridlike,
          portal_ice_cave_entry_animals_and_master, minmay_lindwurm_lava,
          serial_bayou_shore_b, lemuel_fruit_tree, serial_bayou_shore_b
Swamp:1:  layout_basic_swamp, hangedman_swamp_cone
Swamp:2:  layout_basic_swamp, evilmike_swamp_ruin_rubble_2
Swamp:3:  layout_basic_swamp, evilmike_swamp_ruin_house_2
Swamp:4:  swamp_pestilence, layout_basic_swamp
Snake:1:  layout_misc_corridors, grunt_megastairs_4, uniq_asterion
Snake:2:  layout_onion, grunt_megastairs_1, serial_bayou_shore_b
Snake:3:  layout_onion_interference, minmay_shoptagon, uniq_vashnia, uniq_mara
Snake:4:  snake_pit_salamanders_mu, layout_onion, serial_bayou_shore_b
Orc:1:    dreamdust_dug_too_deep, layout_caves
Orc:2:    st_orc_town, layout_diamond_mine, serial_shops, shop,
          nicolae_shop_tiny_real_fake_doors, nicolae_shop_bloodbath_and_beyond,
          kennysheep_orc_sif_temple, uniq_saint_roka
Vaults:1: nicolae_vaults_shelves_hall, v_misc_33, vaults_room_boxed,
          grunt_vaults_trifunnel, nicolae_vaults_frosty_reception,
          nicolae_vaults_antechamber_and_loot_room, grunt_vaults_diagonal,
          vaults_room_large_hall, nicolae_vaults_little_ls, v_misc_13,
          nicolae_vaults_six-pack, vaults_room_corners,
          grunt_vaults_hallway_short, nicolae_vaults_house_1,
          layout_vaults_maze_snakey
Vaults:2: serial_ice_g, minmay_crypt_entry_necro_gods,
          nicolae_vaults_shipping_containers_4, v_rooms_4,
          nicolae_vaults_diamond_2, nicolae_vaults_heart-shaped_vault,
          v_pattern_4, nicolae_vaults_storage_closets_2, layout_vaults_big_room,
          serial_shops, shop, uniq_aizul, uniq_margery
Vaults:3: nicolae_vaults_trapezoid_1, grunt_vaults_twisty,
          nicolae_vaults_taking_the_gang_shopping,
          nicolae_vaults_sesquioval_fish, nicolae_vaults_tetromino_Z_1,
          nicolae_vaults_three_branches, ontoclasm_vaults_loading_screen,
          v_misc_32, vaults_standard_mumra_x, vaults_dpeg_diagonal,
          nicolae_vaults_hexular_roomagon, layout_vaults_ring, uniq_bai_suzhen
Vaults:4: portal_desolation_entry_nicolae_nacl, v_alt_pattern_6,
          nicolae_vaults_storage_closets_1, nicolae_vaults_layer_cake_slice,
          v_misc_30, vaults_dpeg_hooks, nicolae_vaults_double_plus_1,
          nicolae_vaults_storage_room_doors, layout_vaults_quadrants,
          serial_shops, shop
Depths:1: layout_honeycomb, enter_ziggurat_f, hangedman_tar_grid_catacomb,
          rand_demon_pan_entry_1, nicolae_vehumet_altar_sigil,
          onia_ninara_cookie, firewood_loft, uniq_sojobo
Depths:2: cell_vault, layout_basic, enter_trove_1, hellmouth_2,
          rand_demon_pan_entry_5
Depths:3: minmay_three_patterns, layout_long_grid,
          minmay_misc_feat_four_crosses, pf_coc_iceberg,
          hangedman_abyss_entry_splay, nicolae_ru_the_path_less_chosen,
          serial_bayou_shore_b, uniq_frederick, uniq_josephina

Skill      XL: |  1  2  3  4  5  6  7  8  9 10 11 12 13 14 15 16 17 18 19 20 21 22 |
---------------+-------------------------------------------------------------------+-----
Axes           | 2 3 4 5 7 9 10 11 13 14 15 17 18 | 18.0
Throwing       | 4 5 7 8 9 10 11 | 11.0
Shields        | 4 5 7 8 9 10 11 12 13 14 15 16 17 | 17.3
Fighting       | 4 5 6 8 9 10 11 12 13 15 16 17 19 20 | 20.0
Dodging        | 1 2 3 4 5 6 7 8 9 10 | 10.0
Armour         | 4 5 8 9 10 14 15 16 17 19 20 21 22 | 22.0
Invocations    | 4 8 10 | 10.0

Action                     |  1- 3 |  4- 6 |  7- 9 | 10-12 | 13-15 | 16-18 | 19-21 | 22-24 || total
---------------------------+-------+-------+-------+-------+-------+-------+-------+-------++-------
  Melee: War axe           |    67 |    64 |   212 |   384 |   207 |       |       |       ||   934
         Broad axe         |       |       |       |       |   517 |  1332 |  1173 |   382 ||  3404
  Throw: Javelin           |    22 |    18 |    49 |    14 |   114 |   161 |   156 |    19 ||   553
         Boomerang         |     9 |     3 |    52 |    66 |   100 |    69 |    68 |     4 ||   371
 Invoke: Heroism           |       |       |       |     8 |    22 |    30 |    20 |     9 ||    89
         Finesse           |       |       |       |       |     3 |     6 |    13 |     3 ||    25
    Use: Scroll            |     3 |     3 |     7 |    12 |     7 |    19 |     2 |     1 ||    54
         Potion            |     2 |       |     1 |       |     1 |     1 |     5 |       ||    10
 Armour: Scale mail        |    22 |    22 |    48 |    12 |       |       |       |       ||   104
         Chain mail        |       |       |     7 |    10 |       |       |       |       ||    17
         Plate armour      |       |       |       |    84 |   120 |       |       |       ||   204
         Crystal plate arm |       |       |       |       |    57 |   344 |   532 |   141 ||  1074
  Dodge: Dodged            |    19 |     5 |    10 |    19 |    36 |    85 |   179 |    49 ||   402
         Repelled          |       |       |       |       |     1 |     9 |     7 |     2 ||    19
  Block: Buckler           |    10 |       |       |       |       |       |       |       ||    10
         Kite shield       |    23 |    79 |   269 |   441 |   779 |  1363 |  1355 |   368 ||  4677

Table legend:
 A = Non-vault XP
 B = Vault XP
 C = Vault XP percentage of total XP
 D = Non-vault monster count
 E = Vault monster count
 F = Vault count percentage of total count
                 A         B        C        D         E       F
            +---------+---------+-------+---------+---------+-------
      Total |  358402 |  334431 |  48.3 |     919 |     663 |  41.9
            +---------+---------+-------+---------+---------+-------
        D:1 |      35 |       0 |   0.0 |      22 |       0 |   0.0
        D:2 |      64 |     239 |  78.9 |      21 |       1 |   4.5
        D:3 |      49 |     290 |  85.5 |      15 |       4 |  21.1
        D:4 |      76 |       0 |   0.0 |      12 |       0 |   0.0
        D:5 |    1047 |    1904 |  64.5 |      23 |      20 |  46.5
        D:6 |     795 |       0 |   0.0 |      12 |       0 |   0.0
        D:7 |     829 |     252 |  23.3 |      12 |       7 |  36.8
        D:8 |     321 |       0 |   0.0 |      13 |       0 |   0.0
        D:9 |    1728 |    1374 |  44.3 |      16 |      16 |  50.0
       D:10 |    1440 |    4452 |  75.6 |      16 |       7 |  30.4
       D:11 |    3532 |       0 |   0.0 |      19 |       0 |   0.0
       D:12 |    9209 |    1601 |  14.8 |      23 |       5 |  17.9
       D:13 |    5456 |    9697 |  64.0 |       9 |      26 |  74.3
       D:14 |    7585 |       0 |   0.0 |      17 |       0 |   0.0
       D:15 |    9548 |    5666 |  37.2 |      22 |       8 |  26.7
     Lair:1 |    2457 |       0 |   0.0 |      18 |       0 |   0.0
     Lair:2 |    3997 |   18616 |  82.3 |      13 |      58 |  81.7
     Lair:3 |    2115 |     998 |  32.1 |       9 |       4 |  30.8
     Lair:4 |   10916 |    2558 |  19.0 |      33 |       8 |  19.5
     Lair:5 |   28300 |   11484 |  28.9 |      79 |      35 |  30.7
    Swamp:1 |   11768 |       0 |   0.0 |      29 |       0 |   0.0
    Swamp:2 |    9403 |       0 |   0.0 |      21 |       0 |   0.0
    Swamp:3 |   10861 |       0 |   0.0 |      20 |       0 |   0.0
    Swamp:4 |   11066 |   11491 |  50.9 |      22 |      32 |  59.3
    Snake:1 |   10255 |    3323 |  24.5 |      23 |       5 |  17.9
    Snake:2 |   13724 |    2858 |  17.2 |      30 |       6 |  16.7
    Snake:3 |   20486 |    9680 |  32.1 |      43 |       5 |  10.4
    Snake:4 |   13593 |   21233 |  61.0 |      28 |      34 |  54.8
      Orc:1 |    2768 |       0 |   0.0 |      39 |       0 |   0.0
      Orc:2 |    3467 |   13201 |  79.2 |      36 |      78 |  68.4
   Vaults:1 |   31933 |   24277 |  43.2 |      44 |      33 |  42.9
   Vaults:2 |   19995 |   18914 |  48.6 |      35 |      25 |  41.7
   Vaults:3 |   19120 |   23422 |  55.1 |      33 |      28 |  45.9
   Vaults:4 |   22494 |   10069 |  30.9 |      32 |      12 |  27.3
   Depths:1 |   33486 |   25676 |  43.4 |      38 |      25 |  39.7
   Depths:2 |    8262 |   36062 |  81.4 |      11 |      35 |  76.1
   Depths:3 |   26222 |   28385 |  52.0 |      31 |      21 |  40.4
      Sewer |       0 |     403 | 100.0 |       0 |      30 | 100.0
 Desolation |       0 |   46306 | 100.0 |       0 |      95 | 100.0
            +---------+---------+-------+---------+---------+-------
